 Dungeon Crawl Stone Soup version 0.29.1 (webtiles) character file.

Game seed: 3499388952115355217

109951 qw the Severer (level 16, -1/235 HPs)
             Began as a Minotaur Berserker on Sept 13, 2022.
             Was an Elder of Trog.
             Slain by a merfolk impaler
             ... wielding a +3 trident of protection
             ... led by Ilsuiw
              (8 damage)
             ... on level 2 of the Shoals.
             The game lasted 00:15:12 (44981 turns).

qw the Severer (Minotaur Berserker)                Turns: 44981, Time: 00:15:13

Health: -1/235     AC: 36    Str: 27    XL:     16   Next: 6%
Magic:  15/15      EV: 10    Int:  4    God:    Trog [****..]
Gold:   754        SH: 18    Dex: 13    Spells: 15/15 levels left

rFire   . . .      SeeInvis +   Y - +2 broad axe (protect)
rCold   + . .      Faith    .   b - +0 kite shield
rNeg    . . .      Spirit   .   c - +1 plate armour {rC+}
rPois   .          Reflect  +   (helmet restricted)
rElec   .          Harm     .   (no cloak)
rCorr   .          Rampage  .   n - +2 pair of gloves
Will    .....                   m - +0 pair of boots of the Moon {*Corrode Will- Slay+3 SInv Stlth+}
Stlth   ..........              o - amulet of reflection
HPRegen 0.49/turn               d - +4 ring of slaying {mikee}
MPRegen 0.14/turn               f - +4 ring of protection

@: berserking (expiring), under a protective aura, very quick
A: horns 2, retaliatory headbutt, iridescent scales 1
a: Renounce Religion, Berserk, Trog's Hand, Brothers in Arms


You were on level 2 of the Shoals.
You worshipped Trog.
Trog was greatly pleased with you.
You visited 4 branches of the dungeon, and saw 24 of its levels.
You also visited: Ossuary.

You collected 2642 gold pieces.
You spent 1888 gold pieces at shops.


Innate Abilities, Weirdness & Mutations

You have a pair of horns on your head.
You reflexively headbutt those who attack you in melee.
You are partially covered in iridescent scales. (AC +2)


   Skills:
 - Level 18.0 Fighting
 - Level 18.0 Axes
 - Level 5.1 Throwing
 - Level 15.1 Armour
 + Level 8.6 Dodging
 - Level 16.0 Shields


You had 15 spell levels left.
You didn't know any spells.
Your spell library was empty.

Inventory:

Hand Weapons
 w - a +2 morningstar of protection
 Y - a +2 broad axe of protection (weapon)
Missiles
 r - 9 boomerangs (quivered)
Armour
 b - a +0 kite shield (worn)
 c - a +1 plate armour of cold resistance (worn)
 j - a +0 pair of boots
 m - the +0 pair of boots of the Moon (worn) {*Corrode Will- Slay+3 SInv Stlth+}
   (You acquired it on level 5 of the Lair of Beasts)

   Slay:      It affects your accuracy & damage with ranged weapons and melee
   (+3).
   SInv:      It lets you see invisible.
   *Corrode:  It may corrode you when you take damage.
   Will:      It decreases your willpower.
   Stlth:     It makes you more stealthy.
 n - a +2 pair of gloves (worn)
Jewellery
 d - a +4 ring of slaying (left hand) {mikee}
 f - a +4 ring of protection (right hand)
 o - an amulet of reflection (around neck)
Wands
 u - a wand of digging (5)
Scrolls
 g - 11 scrolls of teleportation
 k - 7 scrolls of identify
Potions
 a - 4 potions of haste
 e - 6 potions of curing
 h - 7 potions of might
 i - 3 potions of mutation
 l - a potion of heal wounds
 p - a potion of resistance
 s - 2 potions of cancellation

Dungeon Overview and Level Annotations

Branches:
Dungeon (15/15)            Temple (0/1) D:5            Lair (5/5) D:11
 Shoals (2/4) Lair:2       Spider (0/4) Lair:3        Slime (0/5) Lair:5
    Orc (2/2) D:12            Elf (0/3) Orc:2        Vaults (0/5) D:14
 Depths (0/4) D:15        Ossuary (visited)

Altars:
Ashenzari
Cheibriados
Dithmenos
Elyvilon
Fedhas
Hepliaklqana
Kikubaaqudgha
Nemelex Xobeh
Okawaru
Qazlal
Ru
Sif Muna
Vehumet
Yredelemnul
Jiyva

Shops:
D:2 [   D:14 ?:?   Orc:1 [(?   Orc:2 !?:(   Shoals:1 =

Annotations:
D:3 1 runed translucent door, Crazy Yiuf
D:7 1 runed translucent door
Shoals:1 3 runed translucent doors, Zipteul's ghost, adept NaBe
Shoals:2 Polyphemus


Message History

You block the merfolk siren's attack. You block the merfolk impaler's attack.
Ilsuiw hits you but does no damage. The merfolk barely misses you.
You slice Ilsuiw!!
The tide is released from Ilsuiw's call.
You kill Ilsuiw!
Trog accepts your kill.
Trog appreciates your killing of a magic user.
The water elemental disappears in a puff of smoke!
You slice the death yak!!
The merfolk impaler is no longer petrified.
The merfolk impaler hits you but does no damage.
The merfolk siren closely misses you.
The death yak gores you but does no damage.
You slice the death yak!! You headbutt the death yak!
The death yak is almost dead.
You block the merfolk impaler's attack. You block the merfolk's attack.
You hit the death yak.
You kill the death yak!
Trog accepts your kill. You block the merfolk impaler's attack.
You block the death yak's attack. The merfolk impaler misses you.
The merfolk hits you but does no damage.
Things that are here:
a +3 trident of freezing; a +2 robe of cold resistance; the merfolk corpse of Ilsuiw You slice the merfolk!!
You kill the merfolk!
Trog accepts your kill.
You hear a splash. x2
You slice the death yak!! You slash the plant!
A nearby plant withers and dies.
Polyphemus throws a large rock.
The large rock hits you but does no damage.
The merfolk impaler closely misses you. The merfolk siren closely misses you.
You slice the death yak!!
The death yak is severely wounded.
You block the death yak's attack.
The merfolk siren hits you from afar with a +0 spear.
You hit the death yak but do no damage. You headbutt the death yak!
The death yak is almost dead.
The merfolk impaler hits you from afar with a +3 trident of protection!
You die...

####P......~~~~~~~)~..~~
#~~......~~~~~~mm.~~~~~
#~~.......~.~~!....~~~~~
#.~PP.~...~~$~~t.~~~~~~~
#.~.P......~~%##.~~~~~~~
#.###P..P...~m##..~~~~~~
###.###<~~...mCm##..~~~~~~
#..PP#..###...Y%%m...~~~~~
##....P.####P..@%m....~~~~
###..PP....~P).~.~..~~~~~
######......~~PPPP..~~~~~~~
.##.....~~<~P~~P~~?~~~~~~~~
......~~~~~~PP~~~~~~~~~~...
~...~~~~~~~~~P~~~~~~~~~....
~~~~~~~..~~P~P~~~~~~~~..?##
~~~~~~~~~~~P~P~~~~~~~~~~.#
~~~~~~~~~~PP~P~~~~~~~~~~..


You could see Polyphemus, 2 merfolk impalers, a death yak and 3 merfolk sirens.

Vanquished Creatures
  Rupert (D:15)
  Agnes (D:15)
  Ilsuiw (Shoals:2)
  Aizul (Shoals:2)
  A stone giant (D:15)
  A dire elephant (shapeshifter) (D:15)
  Snorg (D:10)
  Fannar (D:12)
  2 catoblepae
  4 hydras
  7 centaur warriors
  5 boulder beetles
  5 ogre magi
  Erolcha (Orc:2)
  19 two-headed ogres
  8 death yaks
  A deep elf knight (D:14)
  A sea snake (Shoals:2)
  4 orc knights
  3 deep elf pyromancers
  A deep elf zephyrmancer (D:14)
  A wizard (D:15)
  An oklob plant (Lair:3)
  12 orc sorcerers
  7 ugly things
  7 manticores
  2 wolf spiders
  4 elephants
  5 cyclopes
  6 black mambas
  9 cane toads
  A gargoyle (D:12)
  Joseph (D:8)
  5 merfolk sirens
  A torpor snail (Lair:5)
  Maggie (D:8)
  A kobold demonologist (D:14)
  A cane toad (shapeshifter) (D:15)
  An unseen horror (D:10)
  8 komodo dragons
  4 yaktaurs (D:14)
  An efreet (D:14)
  4 rime drakes
  5 trolls
  6 merfolk
  4 polar bears
  2 wind drakes (Shoals:1)
  5 dream sheep
  6 hornets
  3 snapping turtles
  17 blink frogs
  8 slime creatures
  11 spriggans (Lair:5)
  7 wyverns
  A centaur simulacrum (D:15)
  66 yaks
  Sigmund (D:3)
  2 wraiths
  2 shadows
  2 basilisks
  6 vampire mosquitoes
  Menkaure (D:4)
  4 acid dragons
  2 wargs (D:15)
  8 water moccasins
  A sky beast (D:6)
  18 orc warriors
  8 black bears
  2 ice beasts (D:6)
  17 ogres
  21 wolves
  4 boggarts (Lair:5)
  12 centaurs
  2 phantoms
  Blork the orc (D:5)
  An elf zombie (D:4)
  3 kobold brigands
  5 bullfrogs
  2 necrophages
  2 gnoll sergeants
  3 scorpions
  An elf skeleton (D:4)
  4 howler monkeys
  2 human zombies (D:4)
  12 orc priests
  A gnoll bouda (D:5)
  2 hounds
  5 jellies
  3 human skeletons (D:4)
  Ijyb (D:4)
  7 hell rats (Lair:5)
  7 iguanas
  38 orc wizards
  Natasha (thrice) (D:3)
  8 mummies (Ossuary)
  23 gnolls
  10 adders
  An ufetubus (D:7)
  A dart slug (D:1)
  77 orcs
  6 endoplasms
  A giant cockroach (D:1)
  6 goblins
  6 hobgoblins
  4 jackals (D:1)
  14 kobolds
  3 quokkas
  11 ball pythons
  5 bats
  3 frilled lizards
  A gnoll zombie (Ossuary)
  3 hobgoblin zombies (Ossuary)
  3 kobold zombies (Ossuary)
  3 orc skeletons (D:4)
  2 orc zombies
  3 rats
703 creatures vanquished.

Vanquished Creatures (collateral kills)
  Jorgrun (D:12)
  Roxanne (D:15)
  A komodo dragon (D:12)
  2 yaks (Lair:5)
  3 wolves (Lair:5)
  A centaur (D:12)
9 creatures vanquished.

Vanquished Creatures (others)
  An unseen horror (D:10)
  2 orcs
  29 fungi
  53 plants
  2 toadstools (D:4)
87 creatures vanquished.

Grand Total: 799 creatures vanquished

Notes
Turn   | Place    | Note
-------+----------+-------------------------------------------
     0 | D:1      | qw the Minotaur Berserker began the quest for the Orb.
     0 | D:1      | Reached XP level 1. HP: 19/19 MP: 0/0
     0 | D:1      | 0 ||| qw: Version: 0.1-a-119-g272c26d
     0 | D:1      | 0 ||| qw: Game counter: 11129
     0 | D:1      | 0 ||| qw: Always use a shield: true
     0 | D:1      | 0 ||| qw: Do Orc after D:15 true
     0 | D:1      | 0 ||| qw: Do second Lair branch before Depths: true
     0 | D:1      | 0 ||| qw: Lair rune preference: random
     0 | D:1      | 0 ||| qw: Plans: Normal
     0 | D:1      | 0 ||| PLANNING D:1-11
   162 | D:1      | Reached XP level 2. HP: 26/26 MP: 1/1
   648 | D:1      | Found a faded altar of an unknown god.
   781 | D:1      | 781 ||| Stepping ~*~*~tactically~*~*~ (stealth).
   905 | D:1      | Reached XP level 3. HP: 27/31 MP: 2/2
   905 | D:1      | Reached ** piety under Trog
  1109 | D:1      | 1109 ||| UPGRADING to +0 leather armour.
  1119 | D:1      | 1119 ||| DROPPING +0 animal skin.
  1120 | D:1      | 1120 ||| READING scroll labelled LAAL HIPNOH.
  1121 | D:1      | 1121 ||| READING scroll labelled COLID TUIRGH.
  1222 | D:1      | 1222 ||| READING scroll labelled JOPNIA JUZUSSO.
  1223 | D:1      | 1223 ||| READING 2 scrolls labelled VUDEIN WEODEDI.
  1264 | D:2      | 1264 ||| Stepping ~*~*~tactically~*~*~ (stealth).
  1264 | D:2      | Found Soanumit's Armour Shoppe.
  1268 | D:2      | 1268 ||| Stepping ~*~*~tactically~*~*~ (stealth).
  1270 | D:2      | 1270 ||| Stepping ~*~*~tactically~*~*~ (stealth).
  1271 | D:2      | 1271 ||| Stepping ~*~*~tactically~*~*~ (stealth).
  1272 | D:2      | 1272 ||| Stepping ~*~*~tactically~*~*~ (stealth).
  1290 | D:2      | 1290 ||| Stepping ~*~*~tactically~*~*~ (stealth).
  1294 | D:2      | 1294 ||| Stepping ~*~*~tactically~*~*~ (stealth).
  1308 | D:2      | 1308 ||| SHOPLISTING +0 chain mail (58 gold, have 42).
  1308 | D:2      | 1308 ||| SHOPLISTING +0 pair of boots (58 gold, have 42).
  1308 | D:2      | 1308 ||| SHOPLISTING +0 ring mail (52 gold, have 42).
  1308 | D:2      | 1308 ||| SHOPLISTING +0 scale mail (52 gold, have 42).
  1857 | D:2      | 1857 ||| UPGRADING to +0 ring mail.
  1867 | D:2      | 1867 ||| DROPPING +0 leather armour.
  1868 | D:2      | 1868 ||| UPGRADING to +0 pair of gloves.
  1873 | D:2      | 1873 ||| UPGRADING to +4 ring of slaying {mikee}.
  1874 | D:2      | 1874 ||| UPGRADING to +4 ring of protection.
  1875 | D:2      | 1875 ||| READING scroll labelled HEUTAA TAWNATT.
  1876 | D:2      | 1876 ||| READING scroll labelled LUMONO ZIPUOBU.
  1880 | D:2      | 1880 ||| READING scroll labelled NULURO ZOXKUENI.
  1881 | D:2      | 1881 ||| READING scroll labelled AMIYDOGORUN.
  1899 | D:3      | 1899 ||| STAIRDANCE
  1953 | D:3      | Reached skill level 6 in Axes
  1953 | D:3      | Reached XP level 4. HP: 31/39 MP: 3/3
  1958 | D:3      | 1958 ||| FLEEEEING.
  2034 | D:3      | 2034 ||| Stepping ~*~*~tactically~*~*~ (stealth).
  2047 | D:3      | 2047 ||| Stepping ~*~*~tactically~*~*~ (stealth).
  2050 | D:3      | 2050 ||| Stepping ~*~*~tactically~*~*~ (stealth).
  2052 | D:3      | 2052 ||| Stepping ~*~*~tactically~*~*~ (stealth).
  2056 | D:3      | 2056 ||| Stepping ~*~*~tactically~*~*~ (stealth).
  2060 | D:3      | 2060 ||| Stepping ~*~*~tactically~*~*~ (stealth).
  2064 | D:3      | 2064 ||| INVOKING Berserk.
  2165 | D:3      | 2165 ||| DROPPING +0 club.
  2170 | D:3      | 2170 ||| Stepping ~*~*~tactically~*~*~ (hiding).
  2215 | D:3      | 2215 ||| Stepping ~*~*~tactically~*~*~ (stealth).
  2220 | D:3      | Noticed Sigmund
  2221 | D:3      | 2221 ||| Stepping ~*~*~tactically~*~*~ (hiding).
  2225 | D:3      | 2225 ||| INVOKING Berserk.
  2228 | D:3      | Killed Sigmund
  2229 | D:3      | Reached XP level 5. HP: 45/45 MP: 4/4
  2234 | D:3      | Noticed Natasha
  2235 | D:3      | Killed Natasha
  2236 | D:3      | Reached XP level 6. HP: 44/52 MP: 5/5
  2399 | D:3      | Noticed Natasha
  2403 | D:3      | 2403 ||| INVOKING Berserk.
  2404 | D:3      | 2404 ||| INVOKING Berserk.
  2406 | D:3      | Killed Natasha
  2421 | D:3      | 2421 ||| Stepping ~*~*~tactically~*~*~ (water).
  2429 | D:3      | Noticed Natasha
  2435 | D:3      | Killed Natasha
  2543 | D:3      | 2543 ||| READING scroll of enchant armour.
  2543 | D:3      | 2543 ||| ENCHANTING +0 pair of gloves.
  2613 | D:3      | Found a runed translucent door.
  2614 | D:3      | Noticed Crazy Yiuf
  2836 | D:3      | 2836 ||| DRINKING 3 emerald potions.
  2937 | D:3      | 2937 ||| DRINKING 3 red potions.
  2938 | D:3      | 2938 ||| READING 2 scrolls of identify.
  2938 | D:3      | 2938 ||| IDENTIFYING sedimented amethyst potion
  2939 | D:3      | 2939 ||| DROPPING 2 potions of ambrosia.
  2940 | D:3      | 2940 ||| DROPPING 2 potions of degeneration.
  2975 | D:4      | 2975 ||| PLANNING OSSUARY
  2992 | D:4      | 2992 ||| INVOKING Berserk.
  3176 | D:4      | Found a hazy altar of Hepliaklqana.
  3247 | D:4      | Noticed Menkaure
  3248 | D:4      | 3248 ||| Stepping ~*~*~tactically~*~*~ (hiding).
  3249 | D:4      | 3249 ||| Stepping ~*~*~tactically~*~*~ (hiding).
  3253 | D:4      | 3253 ||| INVOKING Berserk.
  3254 | D:4      | Killed Menkaure
  3255 | D:4      | Reached skill level 9 in Axes
  3255 | D:4      | Reached XP level 7. HP: 59/59 MP: 6/6
  3466 | D:4      | Found a sand-covered staircase.
  3468 | D:4      | 3468 ||| READING scroll labelled MABYQO UQIETTUNE.
  3468 | D:4      | Identified a scroll of acquirement
  3468 | D:4      | 3468 ||| ACQUIRING +1 buckler of Tenacity {rN+ Regen+}
  3468 | D:4      | Acquired the +1 buckler of Tenacity {rN+ Regen+}
  3470 | D:4      | 3470 ||| UPGRADING to +1 buckler of Tenacity {rN+ Regen+}.
  3475 | D:4      | 3475 ||| DRINKING 2 green potions.
  3476 | D:4      | 3476 ||| READING 2 scrolls of identify.
  3476 | D:4      | 3476 ||| IDENTIFYING fuming yellow potion
  3480 | Ossuary  | Entered an ossuary
  3505 | Ossuary  | Reached skill level 1 in Shields
  3510 | Ossuary  | 3510 ||| INVOKING Berserk.
  3668 | Ossuary  | Reached *** piety under Trog
  3800 | Ossuary  | 3800 ||| DRINKING 2 fizzy yellow potions.
  3801 | Ossuary  | 3801 ||| DRINKING 2 grey potions.
  3841 | Ossuary  | 3841 ||| DROPPING potion of flight.
  3842 | Ossuary  | 3842 ||| DROPPING potion of lignification.
  3867 | D:4      | 3867 ||| PLANNING D:1-11
  3881 | D:4      | Reached skill level 3 in Shields
  4005 | D:4      | 4005 ||| DROPPING +0 mace.
  4078 | D:4      | Reached XP level 8. HP: 70/70 MP: 7/7
  4243 | D:4      | Noticed Ijyb
  4244 | D:4      | 4244 ||| INVOKING Berserk.
  4246 | D:4      | Killed Ijyb
  4247 | D:4      | Reached skill level 6 in Fighting
  4518 | D:4      | 4518 ||| UPGRADING to +0 scale mail.
  4528 | D:4      | 4528 ||| DROPPING +0 ring mail.
  4529 | D:4      | 4529 ||| READING scroll labelled WAGGAE XOFURICVU.
  4530 | D:4      | 4530 ||| READING scroll labelled VOUNGE GYRISATH.
  4559 | D:4      | 4559 ||| DRINKING 2 golden potions.
  4559 | D:4      | Gained mutation: You have sharp toenails. [potion of
                  | mutation]
  4559 | D:4      | Lost mutation: You have sharp toenails. [potion of
                  | mutation]
  4559 | D:4      | Gained mutation: You are partially covered in iridescent
                  | scales. (AC +2) [potion of mutation]
  4578 | D:5      | Entered Level 5 of the Dungeon
  4586 | D:5      | 4586 ||| Stepping ~*~*~tactically~*~*~ (hiding).
  4587 | D:5      | 4587 ||| Stepping ~*~*~tactically~*~*~ (hiding).
  4588 | D:5      | 4588 ||| INVOKING Berserk.
  4715 | D:5      | Noticed Blork the orc
  4716 | D:5      | 4716 ||| Stepping ~*~*~tactically~*~*~ (hiding).
  4719 | D:5      | 4719 ||| INVOKING Berserk.
  4722 | D:5      | Killed Blork the orc
  4842 | D:5      | 4842 ||| Stepping ~*~*~tactically~*~*~ (stealth).
  4884 | D:5      | 4884 ||| INVOKING Berserk.
  4886 | D:5      | Reached skill level 3 in Armour
  4932 | D:5      | 4932 ||| INVOKING Berserk.
  5102 | D:5      | 5102 ||| READING scroll of acquirement.
  5102 | D:5      | 5102 ||| ACQUIRING +2 hand axe of electrocution
  5102 | D:5      | Acquired a +2 hand axe of electrocution
  5104 | D:5      | 5104 ||| SWAPPING to +2 hand axe of electrocution.
  5105 | D:5      | 5105 ||| DROPPING +1 hand axe of venom.
  5164 | D:5      | 5164 ||| Stepping ~*~*~tactically~*~*~ (stealth).
  5165 | D:5      | 5165 ||| INVOKING Berserk.
  5330 | D:5      | Found a staircase to the Ecumenical Temple.
  5337 | D:5      | Identified the amulet "Hyilebriopo" {RegenMP rC+ Int+2}
  5374 | D:5      | Found a sparkling altar of Nemelex Xobeh.
  5374 | D:5      | Found an ancient bone altar of Kikubaaqudgha.
  5431 | D:5      | 5431 ||| INVOKING Berserk.
  5434 | D:5      | Reached skill level 12 in Axes
  5539 | D:5      | Found a snail-covered altar of Cheibriados.
  5656 | D:5      | 5656 ||| READING scroll of enchant weapon.
  5656 | D:5      | 5656 ||| ENCHANTING +2 hand axe of electrocution.
  5794 | D:5      | 5794 ||| UPGRADING to +0 plate armour.
  5804 | D:5      | 5804 ||| DROPPING +0 scale mail.
  5805 | D:5      | 5805 ||| DROPPING amulet of magic regeneration.
  5806 | D:5      | 5806 ||| UPGRADING to amulet "Hyilebriopo" {RegenMP rC+
                  | Int+2}.
  5811 | D:5      | 5811 ||| READING scroll labelled ZUDGHU LACEZOL.
  5812 | D:5      | 5812 ||| READING 2 scrolls of identify.
  5812 | D:5      | 5812 ||| IDENTIFYING ruby potion
  5813 | D:5      | 5813 ||| DROPPING potion of brilliance.
  5821 | D:6      | Found a shadowy altar of Dithmenos.
  5822 | D:6      | 5822 ||| STAIRDANCE
  5831 | D:6      | 5831 ||| STAIRDANCE
  5891 | D:6      | Reached XP level 9. HP: 77/77 MP: 8/8
  5892 | D:6      | 5892 ||| INVOKING Berserk.
  5983 | D:6      | 5983 ||| Stepping ~*~*~tactically~*~*~ (stealth).
  5996 | D:6      | 5996 ||| Stepping ~*~*~tactically~*~*~ (stealth).
  6006 | D:6      | 6006 ||| INVOKING Berserk.
  6223 | D:6      | Reached **** piety under Trog
  6224 | D:6      | Reached skill level 6 in Armour
  6287 | D:6      | Found a broken altar of Ashenzari.
  6420 | D:6      | 6420 ||| INVOKING Berserk.
  6614 | D:6      | 6614 ||| Stepping ~*~*~tactically~*~*~ (stealth).
  6615 | D:6      | 6615 ||| Stepping ~*~*~tactically~*~*~ (stealth).
  6677 | D:6      | 6677 ||| DROPPING ring of protection from cold.
  6678 | D:6      | 6678 ||| DROPPING +6 ring of intelligence.
  6679 | D:6      | 6679 ||| READING scroll labelled XEADOT YHEGEGH.
  6680 | D:6      | 6680 ||| DRINKING 2 viscous sapphire potions.
  6737 | D:7      | Paralysed by a hornet for 2 turns
  6837 | D:7      | Found an iron altar of Okawaru.
  6883 | D:7      | Found a radiant altar of Vehumet.
  7020 | D:7      | Found a sacrificial altar of Ru.
  7021 | D:7      | 7021 ||| SWAPPING to +0 broad axe.
  7030 | D:7      | 7030 ||| INVOKING Berserk.
  7138 | D:7      | 7138 ||| DROPPING +3 hand axe of electrocution.
  7184 | D:7      | Found a runed translucent door.
  7195 | D:7      | Found a basalt altar of Yredelemnul.
  7560 | D:7      | 7560 ||| READING scroll labelled VOFANY SOTYI.
  7561 | D:7      | 7561 ||| READING 2 scrolls of identify.
  7561 | D:7      | 7561 ||| IDENTIFYING glowing orange potion
  7562 | D:7      | 7562 ||| DROPPING potion of invisibility.
  7729 | D:8      | 7729 ||| INVOKING Berserk.
  7842 | D:8      | 7842 ||| Stepping ~*~*~tactically~*~*~ (stealth).
  7846 | D:8      | 7846 ||| Stepping ~*~*~tactically~*~*~ (hiding).
  7847 | D:8      | 7847 ||| Stepping ~*~*~tactically~*~*~ (hiding).
  7863 | D:8      | 7863 ||| READING scroll of brand weapon.
  7863 | D:8      | 7863 ||| BRANDING +0 broad axe.
  7886 | D:8      | 7886 ||| INVOKING Berserk.
  8061 | D:8      | Noticed Maggie
  8064 | D:8      | Killed Maggie
  8065 | D:8      | Reached XP level 10. HP: 85/88 MP: 9/9
  8084 | D:8      | Noticed Joseph
  8097 | D:8      | Killed Joseph
  8125 | D:8      | Noticed a two-headed ogre
  8129 | D:8      | 8129 ||| INVOKING Berserk.
  8132 | D:8      | Killed a two-headed ogre
  8357 | D:8      | Reached skill level 3 in Dodging
  8668 | D:8      | 8668 ||| UPGRADING to +0 kite shield.
  8678 | D:8      | 8678 ||| DROPPING +1 buckler of Tenacity {rN+ Regen+}.
  8679 | D:8      | 8679 ||| READING scroll labelled ROM XAOMIL.
  8680 | D:8      | 8680 ||| DRINKING 2 sedimented silvery potions.
  8785 | D:8      | 8785 ||| READING 3 scrolls of identify.
  8785 | D:8      | 8785 ||| IDENTIFYING bubbling coppery potion
  8786 | D:8      | 8786 ||| READING 2 scrolls of identify.
  8786 | D:8      | 8786 ||| IDENTIFYING viscous silvery potion
  8787 | D:8      | 8787 ||| DROPPING potion of attraction.
  8788 | D:8      | 8788 ||| DROPPING potion of berserk rage.
  8789 | D:8      | 8789 ||| DROPPING potion of magic.
  8889 | D:9      | Noticed a deep elf pyromancer
  8890 | D:9      | 8890 ||| Stepping ~*~*~tactically~*~*~ (hiding).
  8900 | D:9      | Killed a deep elf pyromancer
  8901 | D:9      | Reached skill level 6 in Shields
  8927 | D:9      | Noticed a centaur warrior
  8941 | D:9      | 8941 ||| INVOKING Berserk.
  8945 | D:9      | Killed a centaur warrior
  9238 | D:9      | 9238 ||| FLEEEEING.
  9241 | D:9      | 9241 ||| FLEEEEING.
  9242 | D:9      | 9242 ||| FLEEEEING.
  9243 | D:9      | 9243 ||| FLEEEEING.
  9509 | D:9      | 9509 ||| FLEEEEING.
  9510 | D:9      | 9510 ||| FLEEEEING.
  9558 | D:9      | 9558 ||| FLEEEEING.
  9559 | D:9      | 9559 ||| FLEEEEING.
  9640 | D:9      | 9640 ||| FLEEEEING.
  9641 | D:9      | 9641 ||| FLEEEEING.
  9707 | D:9      | 9707 ||| FLEEEEING.
  9708 | D:9      | 9708 ||| FLEEEEING.
  9709 | D:9      | 9709 ||| FLEEEEING.
  9836 | D:9      | Reached skill level 9 in Shields
  9927 | D:9      | 9927 ||| FLEEEEING.
  9928 | D:9      | 9928 ||| FLEEEEING.
  9929 | D:9      | 9929 ||| FLEEEEING.
  9930 | D:9      | 9930 ||| FLEEEEING.
  9971 | D:9      | 9971 ||| FLEEEEING.
  9972 | D:9      | 9972 ||| FLEEEEING.
  9973 | D:9      | 9973 ||| FLEEEEING.
 10220 | D:9      | 10220 ||| FLEEEEING.
 10221 | D:9      | 10221 ||| FLEEEEING.
 10222 | D:9      | 10222 ||| FLEEEEING.
 10273 | D:9      | 10273 ||| FLEEEEING.
 10274 | D:9      | 10274 ||| FLEEEEING.
 10275 | D:9      | 10275 ||| FLEEEEING.
 10276 | D:9      | 10276 ||| FLEEEEING.
 10277 | D:9      | 10277 ||| FLEEEEING.
 10374 | D:9      | 10374 ||| FLEEEEING.
 10375 | D:9      | 10375 ||| FLEEEEING.
 10376 | D:9      | 10376 ||| FLEEEEING.
 10377 | D:9      | 10377 ||| FLEEEEING.
 10466 | D:9      | 10466 ||| FLEEEEING.
 10467 | D:9      | 10467 ||| FLEEEEING.
 10468 | D:9      | 10468 ||| FLEEEEING.
 10469 | D:9      | 10469 ||| FLEEEEING.
 10559 | D:9      | 10559 ||| FLEEEEING.
 10597 | D:9      | 10597 ||| FLEEEEING.
 10670 | D:9      | 10670 ||| FLEEEEING.
 10671 | D:9      | 10671 ||| FLEEEEING.
 10672 | D:9      | 10672 ||| FLEEEEING.
 10673 | D:9      | 10673 ||| FLEEEEING.
 10744 | D:9      | 10744 ||| FLEEEEING.
 10834 | D:9      | 10834 ||| FLEEEEING.
 10835 | D:9      | 10835 ||| FLEEEEING.
 10836 | D:9      | 10836 ||| FLEEEEING.
 10903 | D:9      | 10903 ||| FLEEEEING.
 10904 | D:9      | 10904 ||| FLEEEEING.
 10971 | D:9      | 10971 ||| FLEEEEING.
 10972 | D:9      | 10972 ||| FLEEEEING.
 10973 | D:9      | 10973 ||| FLEEEEING.
 11073 | D:9      | 11073 ||| FLEEEEING.
 11074 | D:9      | 11074 ||| FLEEEEING.
 11075 | D:9      | 11075 ||| FLEEEEING.
 11076 | D:9      | 11076 ||| FLEEEEING.
 11267 | D:9      | Noticed a deep elf pyromancer
 11268 | D:9      | Noticed a boulder beetle
 11269 | D:9      | 11269 ||| INVOKING Berserk.
 11274 | D:9      | Killed a boulder beetle
 11281 | D:9      | Killed a deep elf pyromancer
 11282 | D:9      | Reached XP level 11. HP: 94/94 MP: 10/10
 11450 | D:9      | Noticed a two-headed ogre
 11455 | D:9      | 11455 ||| INVOKING Berserk.
 11457 | D:9      | Killed a two-headed ogre
 11714 | D:9      | Found a shimmering blue altar of Sif Muna.
 11803 | D:9      | 11803 ||| Stepping ~*~*~tactically~*~*~ (stealth).
 11839 | D:9      | 11839 ||| Stepping ~*~*~tactically~*~*~ (stealth).
 11849 | D:9      | 11849 ||| FLEEEEING.
 11887 | D:9      | 11887 ||| FLEEEEING.
 11890 | D:9      | 11890 ||| FLEEEEING.
 11891 | D:9      | 11891 ||| FLEEEEING.
 11898 | D:9      | 11898 ||| STAIRDANCE
 11965 | D:8      | 11965 ||| DROPPING amulet of guardian spirit.
 11966 | D:8      | 11966 ||| READING scroll labelled GOUCYM DIVIGRI.
 11978 | D:9      | 11978 ||| FLEEEEING.
 11985 | D:9      | 11985 ||| STAIRDANCE
 12047 | D:9      | 12047 ||| FLEEEEING.
 12048 | D:9      | 12048 ||| FLEEEEING.
 12055 | D:9      | 12055 ||| STAIRDANCE
 12109 | D:9      | 12109 ||| FLEEEEING.
 12110 | D:9      | 12110 ||| FLEEEEING.
 12117 | D:9      | 12117 ||| STAIRDANCE
 12180 | D:9      | 12180 ||| FLEEEEING.
 12181 | D:9      | 12181 ||| FLEEEEING.
 12188 | D:9      | 12188 ||| STAIRDANCE
 12247 | D:9      | 12247 ||| FLEEEEING.
 12248 | D:9      | 12248 ||| FLEEEEING.
 12255 | D:9      | 12255 ||| STAIRDANCE
 12324 | D:9      | 12324 ||| FLEEEEING.
 12325 | D:9      | 12325 ||| FLEEEEING.
 12326 | D:9      | 12326 ||| FLEEEEING.
 12333 | D:9      | 12333 ||| STAIRDANCE
 12437 | D:9      | 12437 ||| FLEEEEING.
 12438 | D:9      | 12438 ||| FLEEEEING.
 12445 | D:9      | 12445 ||| STAIRDANCE
 12559 | D:9      | 12559 ||| FLEEEEING.
 12566 | D:9      | 12566 ||| STAIRDANCE
 12639 | D:9      | 12639 ||| FLEEEEING.
 12640 | D:9      | 12640 ||| FLEEEEING.
 12647 | D:9      | 12647 ||| STAIRDANCE
 12695 | D:9      | 12695 ||| FLEEEEING.
 12696 | D:9      | 12696 ||| FLEEEEING.
 12703 | D:9      | 12703 ||| STAIRDANCE
 12757 | D:9      | 12757 ||| FLEEEEING.
 12799 | D:9      | 12799 ||| FLEEEEING.
 12848 | D:9      | 12848 ||| FLEEEEING.
 12849 | D:9      | 12849 ||| FLEEEEING.
 12856 | D:9      | 12856 ||| STAIRDANCE
 12941 | D:9      | 12941 ||| FLEEEEING.
 12987 | D:9      | 12987 ||| FLEEEEING.
 12988 | D:9      | 12988 ||| FLEEEEING.
 12989 | D:9      | 12989 ||| FLEEEEING.
 12996 | D:9      | 12996 ||| STAIRDANCE
 13059 | D:9      | 13059 ||| FLEEEEING.
 13060 | D:9      | 13060 ||| FLEEEEING.
 13067 | D:9      | 13067 ||| STAIRDANCE
 13120 | D:9      | 13120 ||| FLEEEEING.
 13121 | D:9      | 13121 ||| FLEEEEING.
 13128 | D:9      | 13128 ||| STAIRDANCE
 13182 | D:9      | 13182 ||| FLEEEEING.
 13189 | D:9      | 13189 ||| STAIRDANCE
 13247 | D:9      | 13247 ||| FLEEEEING.
 13254 | D:9      | 13254 ||| STAIRDANCE
 13304 | D:9      | 13304 ||| FLEEEEING.
 13305 | D:9      | 13305 ||| FLEEEEING.
 13306 | D:9      | 13306 ||| FLEEEEING.
 13313 | D:9      | 13313 ||| STAIRDANCE
 13388 | D:9      | 13388 ||| FLEEEEING.
 13395 | D:9      | 13395 ||| STAIRDANCE
 13472 | D:9      | 13472 ||| FLEEEEING.
 13523 | D:9      | 13523 ||| FLEEEEING.
 13524 | D:9      | 13524 ||| FLEEEEING.
 13531 | D:9      | 13531 ||| STAIRDANCE
 13609 | D:9      | 13609 ||| FLEEEEING.
 13676 | D:9      | 13676 ||| FLEEEEING.
 13677 | D:9      | 13677 ||| FLEEEEING.
 13678 | D:9      | 13678 ||| FLEEEEING.
 13679 | D:9      | 13679 ||| FLEEEEING.
 13680 | D:9      | 13680 ||| FLEEEEING.
 13819 | D:9      | 13819 ||| Stepping ~*~*~tactically~*~*~ (stealth).
 13844 | D:9      | 13844 ||| FLEEEEING.
 13845 | D:9      | 13845 ||| FLEEEEING.
 13846 | D:9      | 13846 ||| FLEEEEING.
 13848 | D:9      | 13848 ||| FLEEEEING.
 13849 | D:9      | 13849 ||| FLEEEEING.
 13850 | D:9      | 13850 ||| FLEEEEING.
 13938 | D:9      | 13938 ||| FLEEEEING.
 13940 | D:9      | 13940 ||| FLEEEEING.
 13941 | D:9      | 13941 ||| FLEEEEING.
 13942 | D:9      | 13942 ||| FLEEEEING.
 14081 | D:9      | 14081 ||| FLEEEEING.
 14082 | D:9      | 14082 ||| FLEEEEING.
 14142 | D:9      | 14142 ||| FLEEEEING.
 14144 | D:9      | 14144 ||| FLEEEEING.
 14145 | D:9      | 14145 ||| FLEEEEING.
 14146 | D:9      | 14146 ||| FLEEEEING.
 14228 | D:9      | 14228 ||| FLEEEEING.
 14283 | D:9      | 14283 ||| FLEEEEING.
 14284 | D:9      | 14284 ||| FLEEEEING.
 14351 | D:9      | 14351 ||| FLEEEEING.
 14414 | D:9      | 14414 ||| FLEEEEING.
 14466 | D:9      | 14466 ||| FLEEEEING.
 14522 | D:9      | 14522 ||| FLEEEEING.
 14523 | D:9      | 14523 ||| FLEEEEING.
 14606 | D:9      | 14606 ||| FLEEEEING.
 14656 | D:9      | 14656 ||| FLEEEEING.
 14712 | D:9      | 14712 ||| FLEEEEING.
 14714 | D:9      | 14714 ||| FLEEEEING.
 14715 | D:9      | 14715 ||| FLEEEEING.
 14716 | D:9      | 14716 ||| FLEEEEING.
 14886 | D:9      | 14886 ||| FLEEEEING.
 14887 | D:9      | 14887 ||| FLEEEEING.
 14889 | D:9      | 14889 ||| FLEEEEING.
 14890 | D:9      | 14890 ||| FLEEEEING.
 14891 | D:9      | 14891 ||| FLEEEEING.
 14982 | D:9      | 14982 ||| FLEEEEING.
 14983 | D:9      | 14983 ||| FLEEEEING.
 14984 | D:9      | 14984 ||| FLEEEEING.
 14985 | D:9      | 14985 ||| FLEEEEING.
 14987 | D:9      | 14987 ||| FLEEEEING.
 14988 | D:9      | 14988 ||| FLEEEEING.
 14989 | D:9      | 14989 ||| FLEEEEING.
 15148 | D:9      | 15148 ||| FLEEEEING.
 15149 | D:9      | 15149 ||| FLEEEEING.
 15150 | D:9      | 15150 ||| FLEEEEING.
 15240 | D:9      | 15240 ||| FLEEEEING.
 15242 | D:9      | 15242 ||| FLEEEEING.
 15243 | D:9      | 15243 ||| FLEEEEING.
 15244 | D:9      | 15244 ||| FLEEEEING.
 15343 | D:9      | 15343 ||| FLEEEEING.
 15344 | D:9      | 15344 ||| FLEEEEING.
 15405 | D:9      | 15405 ||| FLEEEEING.
 15407 | D:9      | 15407 ||| FLEEEEING.
 15408 | D:9      | 15408 ||| FLEEEEING.
 15409 | D:9      | 15409 ||| FLEEEEING.
 15472 | D:9      | 15472 ||| FLEEEEING.
 15528 | D:9      | 15528 ||| Stepping ~*~*~tactically~*~*~ (stealth).
 15532 | D:9      | 15532 ||| FLEEEEING.
 15534 | D:9      | 15534 ||| FLEEEEING.
 15535 | D:9      | 15535 ||| FLEEEEING.
 15536 | D:9      | 15536 ||| FLEEEEING.
 15629 | D:9      | 15629 ||| Stepping ~*~*~tactically~*~*~ (stealth).
 15633 | D:9      | 15633 ||| FLEEEEING.
 15634 | D:9      | 15634 ||| FLEEEEING.
 15635 | D:9      | 15635 ||| FLEEEEING.
 15698 | D:9      | 15698 ||| FLEEEEING.
 15762 | D:9      | 15762 ||| FLEEEEING.
 15763 | D:9      | 15763 ||| FLEEEEING.
 15834 | D:9      | 15834 ||| FLEEEEING.
 15835 | D:9      | 15835 ||| FLEEEEING.
 15893 | D:9      | 15893 ||| FLEEEEING.
 15962 | D:9      | 15962 ||| FLEEEEING.
 15963 | D:9      | 15963 ||| FLEEEEING.
 15966 | D:9      | 15966 ||| FLEEEEING.
 15967 | D:9      | 15967 ||| FLEEEEING.
 16121 | D:9      | 16121 ||| FLEEEEING.
 16122 | D:9      | 16122 ||| FLEEEEING.
 16213 | D:9      | 16213 ||| FLEEEEING.
 16215 | D:9      | 16215 ||| FLEEEEING.
 16216 | D:9      | 16216 ||| FLEEEEING.
 16217 | D:9      | 16217 ||| FLEEEEING.
 16307 | D:9      | 16307 ||| FLEEEEING.
 16309 | D:9      | 16309 ||| FLEEEEING.
 16310 | D:9      | 16310 ||| FLEEEEING.
 16311 | D:9      | 16311 ||| FLEEEEING.
 16379 | D:9      | 16379 ||| FLEEEEING.
 16380 | D:9      | 16380 ||| FLEEEEING.
 16381 | D:9      | 16381 ||| FLEEEEING.
 16456 | D:9      | 16456 ||| FLEEEEING.
 16537 | D:9      | 16537 ||| FLEEEEING.
 16539 | D:9      | 16539 ||| FLEEEEING.
 16540 | D:9      | 16540 ||| FLEEEEING.
 16541 | D:9      | 16541 ||| FLEEEEING.
 16628 | D:9      | 16628 ||| Stepping ~*~*~tactically~*~*~ (stealth).
 16650 | D:9      | 16650 ||| FLEEEEING.
 16651 | D:9      | 16651 ||| FLEEEEING.
 16652 | D:9      | 16652 ||| FLEEEEING.
 16654 | D:9      | 16654 ||| FLEEEEING.
 16655 | D:9      | 16655 ||| FLEEEEING.
 16656 | D:9      | 16656 ||| FLEEEEING.
 16758 | D:9      | 16758 ||| FLEEEEING.
 16759 | D:9      | 16759 ||| FLEEEEING.
 16801 | D:9      | 16801 ||| FLEEEEING.
 16847 | D:9      | 16847 ||| FLEEEEING.
 16941 | D:9      | 16941 ||| FLEEEEING.
 16942 | D:9      | 16942 ||| FLEEEEING.
 16944 | D:9      | 16944 ||| FLEEEEING.
 16945 | D:9      | 16945 ||| FLEEEEING.
 16946 | D:9      | 16946 ||| FLEEEEING.
 17043 | D:9      | 17043 ||| FLEEEEING.
 17044 | D:9      | 17044 ||| FLEEEEING.
 17046 | D:9      | 17046 ||| FLEEEEING.
 17047 | D:9      | 17047 ||| FLEEEEING.
 17048 | D:9      | 17048 ||| FLEEEEING.
 17137 | D:9      | 17137 ||| FLEEEEING.
 17209 | D:9      | 17209 ||| FLEEEEING.
 17210 | D:9      | 17210 ||| FLEEEEING.
 17212 | D:9      | 17212 ||| FLEEEEING.
 17213 | D:9      | 17213 ||| FLEEEEING.
 17214 | D:9      | 17214 ||| FLEEEEING.
 17354 | D:9      | 17354 ||| FLEEEEING.
 17355 | D:9      | 17355 ||| FLEEEEING.
 17356 | D:9      | 17356 ||| FLEEEEING.
 17417 | D:9      | 17417 ||| FLEEEEING.
 17419 | D:9      | 17419 ||| FLEEEEING.
 17420 | D:9      | 17420 ||| FLEEEEING.
 17422 | D:9      | 17422 ||| FLEEEEING.
 17464 | D:9      | 17464 ||| FLEEEEING.
 17504 | D:9      | 17504 ||| FLEEEEING.
 17505 | D:9      | 17505 ||| FLEEEEING.
 17549 | D:9      | 17549 ||| FLEEEEING.
 17631 | D:9      | 17631 ||| FLEEEEING.
 17689 | D:9      | 17689 ||| FLEEEEING.
 17734 | D:9      | 17734 ||| FLEEEEING.
 17735 | D:9      | 17735 ||| FLEEEEING.
 17778 | D:9      | 17778 ||| FLEEEEING.
 17779 | D:9      | 17779 ||| FLEEEEING.
 17862 | D:9      | 17862 ||| FLEEEEING.
 17863 | D:9      | 17863 ||| FLEEEEING.
 17864 | D:9      | 17864 ||| FLEEEEING.
 17921 | D:9      | 17921 ||| FLEEEEING.
 17923 | D:9      | 17923 ||| FLEEEEING.
 17924 | D:9      | 17924 ||| FLEEEEING.
 17925 | D:9      | 17925 ||| FLEEEEING.
 17988 | D:9      | 17988 ||| FLEEEEING.
 18027 | D:9      | 18027 ||| FLEEEEING.
 18102 | D:9      | 18102 ||| FLEEEEING.
 18152 | D:9      | 18152 ||| FLEEEEING.
 18154 | D:9      | 18154 ||| FLEEEEING.
 18155 | D:9      | 18155 ||| FLEEEEING.
 18156 | D:9      | 18156 ||| FLEEEEING.
 18298 | D:9      | 18298 ||| FLEEEEING.
 18299 | D:9      | 18299 ||| FLEEEEING.
 18364 | D:9      | 18364 ||| Stepping ~*~*~tactically~*~*~ (stealth).
 18371 | D:9      | 18371 ||| FLEEEEING.
 18373 | D:9      | 18373 ||| FLEEEEING.
 18374 | D:9      | 18374 ||| FLEEEEING.
 18375 | D:9      | 18375 ||| FLEEEEING.
 18445 | D:9      | 18445 ||| FLEEEEING.
 18446 | D:9      | 18446 ||| FLEEEEING.
 18514 | D:9      | 18514 ||| FLEEEEING.
 18515 | D:9      | 18515 ||| FLEEEEING.
 18596 | D:9      | 18596 ||| FLEEEEING.
 18597 | D:9      | 18597 ||| FLEEEEING.
 18674 | D:9      | 18674 ||| FLEEEEING.
 18675 | D:9      | 18675 ||| FLEEEEING.
 18747 | D:9      | 18747 ||| FLEEEEING.
 18802 | D:9      | 18802 ||| FLEEEEING.
 18860 | D:9      | 18860 ||| FLEEEEING.
 18955 | D:9      | 18955 ||| FLEEEEING.
 18957 | D:9      | 18957 ||| FLEEEEING.
 18958 | D:9      | 18958 ||| FLEEEEING.
 18959 | D:9      | 18959 ||| FLEEEEING.
 19075 | D:9      | 19075 ||| FLEEEEING.
 19076 | D:9      | 19076 ||| FLEEEEING.
 19078 | D:9      | 19078 ||| FLEEEEING.
 19079 | D:9      | 19079 ||| FLEEEEING.
 19080 | D:9      | 19080 ||| FLEEEEING.
 19256 | D:9      | 19256 ||| FLEEEEING.
 19257 | D:9      | 19257 ||| FLEEEEING.
 19258 | D:9      | 19258 ||| FLEEEEING.
 19259 | D:9      | 19259 ||| FLEEEEING.
 19260 | D:9      | 19260 ||| FLEEEEING.
 19263 | D:9      | 19263 ||| FLEEEEING.
 19264 | D:9      | 19264 ||| FLEEEEING.
 19403 | D:9      | 19403 ||| FLEEEEING.
 19404 | D:9      | 19404 ||| FLEEEEING.
 19466 | D:9      | 19466 ||| FLEEEEING.
 19468 | D:9      | 19468 ||| FLEEEEING.
 19469 | D:9      | 19469 ||| FLEEEEING.
 19470 | D:9      | 19470 ||| FLEEEEING.
 19616 | D:9      | 19616 ||| FLEEEEING.
 19658 | D:9      | 19658 ||| FLEEEEING.
 19659 | D:9      | 19659 ||| FLEEEEING.
 19661 | D:9      | 19661 ||| FLEEEEING.
 19662 | D:9      | 19662 ||| FLEEEEING.
 19663 | D:9      | 19663 ||| FLEEEEING.
 19847 | D:9      | 19847 ||| FLEEEEING.
 19848 | D:9      | 19848 ||| FLEEEEING.
 19850 | D:9      | 19850 ||| FLEEEEING.
 19851 | D:9      | 19851 ||| FLEEEEING.
 19852 | D:9      | 19852 ||| FLEEEEING.
 19973 | D:9      | 19973 ||| FLEEEEING.
 20027 | D:9      | 20027 ||| FLEEEEING.
 20028 | D:9      | 20028 ||| FLEEEEING.
 20029 | D:9      | 20029 ||| FLEEEEING.
 20031 | D:9      | 20031 ||| FLEEEEING.
 20032 | D:9      | 20032 ||| FLEEEEING.
 20033 | D:9      | 20033 ||| FLEEEEING.
 20156 | D:9      | 20156 ||| FLEEEEING.
 20157 | D:9      | 20157 ||| FLEEEEING.
 20158 | D:9      | 20158 ||| FLEEEEING.
 20292 | D:9      | 20292 ||| FLEEEEING.
 20332 | D:9      | 20332 ||| FLEEEEING.
 20333 | D:9      | 20333 ||| FLEEEEING.
 20335 | D:9      | 20335 ||| FLEEEEING.
 20336 | D:9      | 20336 ||| FLEEEEING.
 20337 | D:9      | 20337 ||| FLEEEEING.
 20460 | D:9      | 20460 ||| FLEEEEING.
 20462 | D:9      | 20462 ||| FLEEEEING.
 20463 | D:9      | 20463 ||| FLEEEEING.
 20464 | D:9      | 20464 ||| FLEEEEING.
 20539 | D:9      | 20539 ||| FLEEEEING.
 20540 | D:9      | 20540 ||| FLEEEEING.
 20627 | D:9      | 20627 ||| FLEEEEING.
 20628 | D:9      | 20628 ||| FLEEEEING.
 20630 | D:9      | 20630 ||| FLEEEEING.
 20631 | D:9      | 20631 ||| FLEEEEING.
 20632 | D:9      | 20632 ||| FLEEEEING.
 20751 | D:9      | 20751 ||| FLEEEEING.
 20752 | D:9      | 20752 ||| FLEEEEING.
 20835 | D:9      | 20835 ||| FLEEEEING.
 20837 | D:9      | 20837 ||| FLEEEEING.
 20838 | D:9      | 20838 ||| FLEEEEING.
 20839 | D:9      | 20839 ||| FLEEEEING.
 20975 | D:9      | 20975 ||| FLEEEEING.
 20976 | D:9      | 20976 ||| FLEEEEING.
 20977 | D:9      | 20977 ||| FLEEEEING.
 21039 | D:9      | 21039 ||| FLEEEEING.
 21040 | D:9      | 21040 ||| FLEEEEING.
 21113 | D:9      | 21113 ||| FLEEEEING.
 21114 | D:9      | 21114 ||| FLEEEEING.
 21172 | D:9      | 21172 ||| FLEEEEING.
 21264 | D:9      | 21264 ||| FLEEEEING.
 21265 | D:9      | 21265 ||| FLEEEEING.
 21266 | D:9      | 21266 ||| FLEEEEING.
 21376 | D:9      | 21376 ||| FLEEEEING.
 21378 | D:9      | 21378 ||| FLEEEEING.
 21379 | D:9      | 21379 ||| FLEEEEING.
 21380 | D:9      | 21380 ||| FLEEEEING.
 21460 | D:9      | 21460 ||| FLEEEEING.
 21461 | D:9      | 21461 ||| FLEEEEING.
 21519 | D:9      | 21519 ||| FLEEEEING.
 21520 | D:9      | 21520 ||| FLEEEEING.
 21627 | D:9      | 21627 ||| FLEEEEING.
 21628 | D:9      | 21628 ||| FLEEEEING.
 21667 | D:9      | 21667 ||| FLEEEEING.
 21723 | D:9      | 21723 ||| FLEEEEING.
 21725 | D:9      | 21725 ||| FLEEEEING.
 21726 | D:9      | 21726 ||| FLEEEEING.
 21727 | D:9      | 21727 ||| FLEEEEING.
 21835 | D:9      | 21835 ||| FLEEEEING.
 21836 | D:9      | 21836 ||| FLEEEEING.
 21838 | D:9      | 21838 ||| FLEEEEING.
 21839 | D:9      | 21839 ||| FLEEEEING.
 21840 | D:9      | 21840 ||| FLEEEEING.
 21968 | D:9      | 21968 ||| Stepping ~*~*~tactically~*~*~ (stealth).
 21974 | D:9      | 21974 ||| FLEEEEING.
 21976 | D:9      | 21976 ||| FLEEEEING.
 21977 | D:9      | 21977 ||| FLEEEEING.
 21978 | D:9      | 21978 ||| FLEEEEING.
 22116 | D:9      | 22116 ||| Stepping ~*~*~tactically~*~*~ (stealth).
 22119 | D:9      | 22119 ||| FLEEEEING.
 22122 | D:9      | 22122 ||| FLEEEEING.
 22123 | D:9      | 22123 ||| FLEEEEING.
 22172 | D:9      | 22172 ||| FLEEEEING.
 22231 | D:9      | 22231 ||| FLEEEEING.
 22232 | D:9      | 22232 ||| FLEEEEING.
 22317 | D:9      | 22317 ||| FLEEEEING.
 22383 | D:9      | 22383 ||| FLEEEEING.
 22384 | D:9      | 22384 ||| FLEEEEING.
 22474 | D:9      | 22474 ||| FLEEEEING.
 22475 | D:9      | 22475 ||| FLEEEEING.
 22477 | D:9      | 22477 ||| FLEEEEING.
 22478 | D:9      | 22478 ||| FLEEEEING.
 22479 | D:9      | 22479 ||| FLEEEEING.
 22620 | D:9      | 22620 ||| FLEEEEING.
 22622 | D:9      | 22622 ||| FLEEEEING.
 22623 | D:9      | 22623 ||| FLEEEEING.
 22624 | D:9      | 22624 ||| FLEEEEING.
 22787 | D:9      | 22787 ||| FLEEEEING.
 22788 | D:9      | 22788 ||| FLEEEEING.
 22789 | D:9      | 22789 ||| FLEEEEING.
 22790 | D:9      | 22790 ||| FLEEEEING.
 22791 | D:9      | 22791 ||| FLEEEEING.
 22792 | D:9      | 22792 ||| FLEEEEING.
 22793 | D:9      | 22793 ||| FLEEEEING.
 22795 | D:9      | 22795 ||| FLEEEEING.
 22796 | D:9      | 22796 ||| FLEEEEING.
 22797 | D:9      | 22797 ||| FLEEEEING.
 23019 | D:9      | Noticed a cyan ugly thing
 23019 | D:9      | Noticed a centaur warrior
 23025 | D:9      | Killed a centaur warrior
 23025 | D:9      | Killed a cyan ugly thing
 23026 | D:9      | Reached skill level 3 in Throwing
 23125 | D:9      | Identified the amulet "Awola" {*Corrode Regen+ Str-4 Int+8
                  | Dex+10}
 23178 | D:9      | 23178 ||| FLEEEEING.
 23179 | D:9      | 23179 ||| FLEEEEING.
 23230 | D:9      | 23230 ||| FLEEEEING.
 23231 | D:9      | 23231 ||| FLEEEEING.
 23342 | D:9      | 23342 ||| FLEEEEING.
 23343 | D:9      | 23343 ||| FLEEEEING.
 23420 | D:9      | 23420 ||| FLEEEEING.
 23484 | D:9      | 23484 ||| FLEEEEING.
 23485 | D:9      | 23485 ||| FLEEEEING.
 23486 | D:9      | 23486 ||| FLEEEEING.
 23586 | D:9      | 23586 ||| FLEEEEING.
 23587 | D:9      | 23587 ||| FLEEEEING.
 23631 | D:9      | 23631 ||| FLEEEEING.
 23632 | D:9      | 23632 ||| FLEEEEING.
 23633 | D:9      | 23633 ||| FLEEEEING.
 23703 | D:9      | 23703 ||| FLEEEEING.
 23704 | D:9      | 23704 ||| FLEEEEING.
 23705 | D:9      | 23705 ||| FLEEEEING.
 23772 | D:9      | 23772 ||| FLEEEEING.
 23773 | D:9      | 23773 ||| FLEEEEING.
 23889 | D:9      | 23889 ||| FLEEEEING.
 23890 | D:9      | 23890 ||| FLEEEEING.
 23935 | D:9      | 23935 ||| Stepping ~*~*~tactically~*~*~ (stealth).
 23960 | D:9      | 23960 ||| FLEEEEING.
 23961 | D:9      | 23961 ||| FLEEEEING.
 24029 | D:9      | 24029 ||| FLEEEEING.
 24030 | D:9      | 24030 ||| FLEEEEING.
 24031 | D:9      | 24031 ||| FLEEEEING.
 24134 | D:9      | 24134 ||| Stepping ~*~*~tactically~*~*~ (stealth).
 24138 | D:9      | 24138 ||| FLEEEEING.
 24141 | D:9      | 24141 ||| FLEEEEING.
 24142 | D:9      | 24142 ||| FLEEEEING.
 24143 | D:9      | 24143 ||| FLEEEEING.
 24222 | D:9      | 24222 ||| FLEEEEING.
 24223 | D:9      | 24223 ||| FLEEEEING.
 24282 | D:9      | 24282 ||| FLEEEEING.
 24283 | D:9      | 24283 ||| FLEEEEING.
 24284 | D:9      | 24284 ||| FLEEEEING.
 24413 | D:9      | 24413 ||| Stepping ~*~*~tactically~*~*~ (stealth).
 24444 | D:9      | 24444 ||| FLEEEEING.
 24445 | D:9      | 24445 ||| FLEEEEING.
 24446 | D:9      | 24446 ||| FLEEEEING.
 24538 | D:9      | 24538 ||| FLEEEEING.
 24539 | D:9      | 24539 ||| FLEEEEING.
 24594 | D:9      | 24594 ||| FLEEEEING.
 24595 | D:9      | 24595 ||| FLEEEEING.
 24596 | D:9      | 24596 ||| FLEEEEING.
 24597 | D:9      | 24597 ||| FLEEEEING.
 24751 | D:9      | 24751 ||| FLEEEEING.
 24752 | D:9      | 24752 ||| FLEEEEING.
 24838 | D:9      | 24838 ||| FLEEEEING.
 24839 | D:9      | 24839 ||| FLEEEEING.
 24840 | D:9      | 24840 ||| FLEEEEING.
 24989 | D:9      | 24989 ||| DROPPING amulet "Awola" {*Corrode Regen+ Str-4
                  | Int+8 Dex+10}.
 25029 | D:9      | 25029 ||| Stepping ~*~*~tactically~*~*~ (stealth).
 25033 | D:9      | 25033 ||| FLEEEEING.
 25034 | D:9      | 25034 ||| FLEEEEING.
 25035 | D:9      | 25035 ||| FLEEEEING.
 25036 | D:9      | 25036 ||| FLEEEEING.
 25037 | D:9      | 25037 ||| FLEEEEING.
 25152 | D:10     | Entered Level 10 of the Dungeon
 25249 | D:10     | Noticed Snorg
 25251 | D:10     | 25251 ||| Stepping randomly (disturbance).
 25252 | D:10     | 25252 ||| INVOKING Berserk.
 25258 | D:10     | Killed Snorg
 25259 | D:10     | Reached skill level 15 in Axes
 25305 | D:10     | Found a white marble altar of Elyvilon.
 25428 | D:10     | Found a stormy altar of Qazlal.
 25539 | D:10     | Reached skill level 9 in Fighting
 25721 | D:10     | 25721 ||| Stepping ~*~*~tactically~*~*~ (hiding).
 25723 | D:10     | 25723 ||| Stepping ~*~*~tactically~*~*~ (hiding).
 25729 | D:10     | 25729 ||| Stepping ~*~*~tactically~*~*~ (hiding).
 25886 | D:10     | Found a blossoming altar of Fedhas.
 26213 | D:11     | Found Soopel's Assorted Antiques.
 26233 | D:11     | 26233 ||| INVOKING Berserk.
 26385 | D:11     | Found a staircase to the Lair.
 26395 | D:11     | 26395 ||| INVOKING Berserk.
 26594 | D:11     | Noticed a boulder beetle
 26595 | D:11     | 26595 ||| INVOKING Berserk.
 26601 | D:11     | Killed a boulder beetle
 26757 | D:11     | Noticed a boulder beetle
 26763 | D:11     | 26763 ||| INVOKING Berserk.
 26766 | D:11     | Killed a boulder beetle
 26880 | D:11     | Noticed a two-headed ogre
 26881 | D:11     | 26881 ||| INVOKING Berserk.
 26884 | D:11     | Killed a two-headed ogre
 27005 | D:11     | 27005 ||| DROPPING +0 flail.
 27015 | D:11     | Noticed a two-headed ogre
 27017 | D:11     | 27017 ||| INVOKING Berserk.
 27021 | D:11     | Killed a two-headed ogre
 27255 | D:11     | 27255 ||| Stepping ~*~*~tactically~*~*~ (hiding).
 27278 | D:11     | 27278 ||| Stepping ~*~*~tactically~*~*~ (stealth).
 27299 | D:11     | 27299 ||| Stepping ~*~*~tactically~*~*~ (stealth).
 27477 | D:11     | 27477 ||| FLEEEEING.
 27478 | D:11     | 27478 ||| FLEEEEING.
 27479 | D:11     | 27479 ||| FLEEEEING.
 27583 | D:11     | 27583 ||| PLANNING LAIR
 27583 | D:11     | 27583 ||| READING 4 scrolls of identify.
 27583 | D:11     | 27583 ||| IDENTIFYING sedimented green potion
 27611 | Lair:1   | Entered Level 1 of the Lair of Beasts
 27614 | Lair:1   | 27614 ||| INVOKING Berserk.
 27617 | Lair:1   | Reached XP level 12. HP: 104/104 MP: 11/11
 27962 | Lair:1   | 27962 ||| Stepping ~*~*~tactically~*~*~ (stealth).
 27963 | Lair:1   | 27963 ||| Stepping ~*~*~tactically~*~*~ (stealth).
 27964 | Lair:1   | 27964 ||| INVOKING Berserk.
 28242 | Lair:1   | 28242 ||| Stepping ~*~*~tactically~*~*~ (stealth).
 28244 | Lair:1   | 28244 ||| Stepping ~*~*~tactically~*~*~ (stealth).
 28248 | Lair:1   | 28248 ||| Stepping ~*~*~tactically~*~*~ (stealth).
 28249 | Lair:1   | 28249 ||| INVOKING Berserk.
 28593 | Lair:1   | 28593 ||| Stepping ~*~*~tactically~*~*~ (stealth).
 28594 | Lair:1   | 28594 ||| INVOKING Berserk.
 28651 | Lair:1   | Reached skill level 18 in Axes
 28697 | Lair:1   | 28697 ||| DROPPING amulet of the acrobat.
 28698 | Lair:1   | 28698 ||| DROPPING ring of see invisible.
 28699 | Lair:1   | 28699 ||| READING scroll labelled XOREGIT PEKK.
 28700 | Lair:1   | 28700 ||| DROPPING scroll of poison.
 28717 | Lair:1   | 28717 ||| Stepping ~*~*~tactically~*~*~ (stealth).
 28782 | Lair:2   | 28782 ||| DRINKING 2 potions of cancellation.
 28848 | Lair:2   | Reached skill level 9 in Armour
 29097 | Lair:2   | 29097 ||| INVOKING Berserk.
 29536 | Lair:2   | 29536 ||| INVOKING Berserk.
 29650 | Lair:2   | Reached skill level 12 in Shields
 29666 | Lair:2   | 29666 ||| Stepping ~*~*~tactically~*~*~ (stealth).
 29667 | Lair:2   | 29667 ||| Stepping ~*~*~tactically~*~*~ (stealth).
 29668 | Lair:2   | 29668 ||| Stepping ~*~*~tactically~*~*~ (stealth).
 29672 | Lair:2   | 29672 ||| Stepping ~*~*~tactically~*~*~ (hiding).
 29673 | Lair:2   | 29673 ||| Stepping ~*~*~tactically~*~*~ (hiding).
 29693 | Lair:2   | Found a staircase to the Shoals.
 29697 | Lair:2   | Reached XP level 13. HP: 77/116 MP: 12/12
 29909 | Lair:2   | 29909 ||| INVOKING Berserk.
 30191 | Lair:2   | 30191 ||| UPGRADING to +0 pair of boots.
 30223 | Lair:3   | 30223 ||| STAIRDANCE
 30359 | Lair:3   | Found a blossoming altar of Fedhas.
 30362 | Lair:3   | 30362 ||| INVOKING Berserk.
 30470 | Lair:3   | 30470 ||| INVOKING Berserk.
 30592 | Lair:3   | Found a hole to the Spider Nest.
 30631 | Lair:3   | Reached skill level 12 in Fighting
 30764 | Lair:3   | 30764 ||| INVOKING Berserk.
 30892 | Lair:3   | 30892 ||| Stepping ~*~*~tactically~*~*~ (stealth).
 30893 | Lair:3   | 30893 ||| Stepping ~*~*~tactically~*~*~ (stealth).
 31042 | Lair:3   | 31042 ||| INVOKING Berserk.
 31681 | Lair:4   | 31681 ||| INVOKING Berserk.
 32018 | Lair:4   | 32018 ||| Stepping ~*~*~tactically~*~*~ (stealth).
 32019 | Lair:4   | 32019 ||| Stepping ~*~*~tactically~*~*~ (stealth).
 32020 | Lair:4   | 32020 ||| INVOKING Berserk.
 32145 | Lair:4   | 32145 ||| Stepping ~*~*~tactically~*~*~ (stealth).
 32147 | Lair:4   | 32147 ||| Stepping ~*~*~tactically~*~*~ (stealth).
 32151 | Lair:4   | 32151 ||| Stepping ~*~*~tactically~*~*~ (stealth).
 32153 | Lair:4   | 32153 ||| Stepping ~*~*~tactically~*~*~ (stealth).
 32167 | Lair:4   | 32167 ||| INVOKING Berserk.
 32297 | Lair:4   | 32297 ||| INVOKING Berserk.
 32646 | Lair:4   | 32646 ||| INVOKING Berserk.
 32986 | Lair:4   | 32986 ||| READING 8 scrolls of identify.
 32986 | Lair:4   | 32986 ||| IDENTIFYING puce potion
 33014 | Lair:5   | Entered Level 5 of the Lair of Beasts
 33014 | Lair:5   | Found a viscous altar of Jiyva.
 33014 | Lair:5   | Found a staircase to the Slime Pits.
 33019 | Lair:5   | 33019 ||| STAIRDANCE
 33025 | Lair:5   | 33025 ||| STAIRDANCE
 33130 | Lair:5   | 33130 ||| INVOKING Brothers in Arms.
 33131 | Lair:5   | 33131 ||| INVOKING Brothers in Arms.
 33132 | Lair:5   | 33132 ||| INVOKING Brothers in Arms.
 33133 | Lair:5   | 33133 ||| INVOKING Brothers in Arms.
 33134 | Lair:5   | 33134 ||| SWAPPING to +0 morningstar.
 33135 | Lair:5   | 33135 ||| Stepping ~*~*~tactically~*~*~ (outnumbered).
 33136 | Lair:5   | 33136 ||| INVOKING Berserk.
 33144 | Lair:5   | HP: 45/183 [yak (9)]
 33149 | Lair:5   | HP: 35/183 [wolf (1)]
 33152 | Lair:5   | HP: 15/183 [wolf (5)]
 33153 | Lair:5   | Reached skill level 12 in Armour
 33158 | Lair:5   | 33158 ||| READING 8 scrolls of teleportation.
 33159 | Lair:5   | 33159 ||| DRINKING 3 potions of heal wounds.
 33160 | Lair:5   | 33160 ||| SWAPPING to +0 broad axe of electrocution.
 33163 | Lair:5   | 33163 ||| FLEEEEING.
 33164 | Lair:5   | 33164 ||| STAIRDANCE
 33452 | Lair:5   | 33452 ||| READING 3 scrolls of brand weapon.
 33452 | Lair:5   | 33452 ||| BRANDING +0 broad axe of electrocution.
 33453 | Lair:5   | 33453 ||| READING 2 scrolls of brand weapon.
 33453 | Lair:5   | 33453 ||| BRANDING +0 broad axe of draining.
 33454 | Lair:5   | 33454 ||| DROPPING +0 morningstar.
 33455 | Lair:5   | 33455 ||| READING scroll of brand weapon.
 33455 | Lair:5   | 33455 ||| BRANDING +0 broad axe of flaming.
 33464 | Lair:5   | 33464 ||| INVOKING Berserk.
 33473 | Lair:5   | 33473 ||| Stepping ~*~*~tactically~*~*~ (stealth).
 33474 | Lair:5   | 33474 ||| Stepping ~*~*~tactically~*~*~ (stealth).
 33475 | Lair:5   | 33475 ||| Stepping ~*~*~tactically~*~*~ (stealth).
 33551 | Lair:5   | 33551 ||| Stepping ~*~*~tactically~*~*~ (stealth).
 33574 | Lair:5   | 33574 ||| Stepping ~*~*~tactically~*~*~ (stealth).
 33585 | Lair:5   | 33585 ||| INVOKING Berserk.
 33599 | Lair:5   | Paralysed by a hornet for 3 turns
 33605 | Lair:5   | Reached XP level 14. HP: 76/126 MP: 13/13
 33688 | Lair:5   | Reached skill level 6 in Dodging
 33713 | Lair:5   | 33713 ||| Stepping ~*~*~tactically~*~*~ (stealth).
 33728 | Lair:5   | 33728 ||| Stepping ~*~*~tactically~*~*~ (stealth).
 33732 | Lair:5   | 33732 ||| Stepping ~*~*~tactically~*~*~ (stealth).
 33887 | Lair:5   | 33887 ||| Stepping ~*~*~tactically~*~*~ (hiding).
 33930 | Lair:5   | 33930 ||| READING scroll of acquirement.
 33930 | Lair:5   | 33930 ||| ACQUIRING +0 pair of boots of the Moon {*Corrode
                  | Will- Slay+3 SInv Stlth+}
 33930 | Lair:5   | Acquired the +0 pair of boots of the Moon {*Corrode Will-
                  | Slay+3 SInv Stlth+}
 33932 | Lair:5   | 33932 ||| UPGRADING to +0 pair of boots of the Moon
                  | {*Corrode Will- Slay+3 SInv Stlth+}.
 33947 | Lair:5   | 33947 ||| Stepping ~*~*~tactically~*~*~ (stealth).
 33956 | Lair:5   | 33956 ||| INVOKING Berserk.
 33971 | Lair:5   | 33971 ||| Stepping ~*~*~tactically~*~*~ (stealth).
 34057 | Lair:5   | 34057 ||| Stepping ~*~*~tactically~*~*~ (stealth).
 34058 | Lair:5   | 34058 ||| Stepping ~*~*~tactically~*~*~ (stealth).
 34321 | Lair:5   | 34321 ||| INVOKING Berserk.
 34448 | Lair:5   | 34448 ||| Stepping ~*~*~tactically~*~*~ (stealth).
 34452 | Lair:5   | 34452 ||| INVOKING Berserk.
 34473 | Lair:5   | 34473 ||| Stepping ~*~*~tactically~*~*~ (stealth).
 34497 | Lair:5   | 34497 ||| Stepping ~*~*~tactically~*~*~ (stealth).
 34499 | Lair:5   | 34499 ||| Stepping ~*~*~tactically~*~*~ (stealth).
 34576 | Lair:5   | 34576 ||| Stepping ~*~*~tactically~*~*~ (stealth).
 34809 | Lair:5   | 34809 ||| FLEEEEING.
 34810 | Lair:5   | 34810 ||| FLEEEEING.
 34828 | Lair:5   | 34828 ||| FLEEEEING.
 34830 | Lair:5   | 34830 ||| FLEEEEING.
 34831 | Lair:5   | 34831 ||| FLEEEEING.
 34832 | Lair:5   | 34832 ||| FLEEEEING.
 34833 | Lair:5   | 34833 ||| FLEEEEING.
 34834 | Lair:5   | 34834 ||| FLEEEEING.
 34838 | Lair:5   | 34838 ||| INVOKING Berserk.
 34984 | Lair:5   | 34984 ||| Stepping ~*~*~tactically~*~*~ (stealth).
 35219 | Lair:5   | 35219 ||| PLANNING D
 35381 | D:12     | 35381 ||| INVOKING Brothers in Arms.
 35382 | D:12     | 35382 ||| INVOKING Brothers in Arms.
 35385 | D:12     | 35385 ||| SWAPPING to +0 whip.
 35387 | D:12     | 35387 ||| INVOKING Berserk.
 35391 | D:12     | Noticed Jorgrun
 35398 | D:12     | 35398 ||| SWAPPING to +0 broad axe of protection.
 35403 | D:12     | Killed Jorgrun
 35615 | D:12     | Identified the +3 sling "Xoath" {flame, Str+2 Int+4}
 35648 | D:12     | Noticed Fannar
 35650 | D:12     | 35650 ||| Stepping ~*~*~tactically~*~*~ (hiding).
 35654 | D:12     | 35654 ||| Stepping ~*~*~tactically~*~*~ (hiding).
 35655 | D:12     | 35655 ||| Stepping ~*~*~tactically~*~*~ (hiding).
 35696 | D:12     | Killed Fannar
 35889 | D:12     | 35889 ||| Stepping ~*~*~tactically~*~*~ (hiding).
 35910 | D:12     | Reached ***** piety under Trog
 36064 | D:12     | 36064 ||| DROPPING +0 whip.
 36075 | D:12     | You fall into a shaft and drop 3 floors!
 36075 | D:15     | Entered Level 15 of the Dungeon
 36099 | D:15     | Found a sacrificial altar of Ru.
 36217 | D:15     | 36217 ||| INVOKING Brothers in Arms.
 36218 | D:15     | 36218 ||| SWAPPING to +0 flail.
 36219 | D:15     | 36219 ||| INVOKING Berserk.
 36246 | D:15     | Noticed Rupert
 36247 | D:15     | 36247 ||| INVOKING Trog's Hand.
 36248 | D:15     | 36248 ||| SWAPPING to +0 broad axe of protection.
 36258 | D:15     | 36258 ||| INVOKING Berserk.
 36261 | D:15     | Killed Rupert
 36385 | D:15     | 36385 ||| Stepping ~*~*~tactically~*~*~ (stealth).
 36386 | D:15     | 36386 ||| Stepping ~*~*~tactically~*~*~ (stealth).
 36464 | D:13     | 36464 ||| Stepping ~*~*~tactically~*~*~ (hiding).
 36472 | D:13     | Reached skill level 15 in Fighting
 36476 | D:13     | 36476 ||| Stepping ~*~*~tactically~*~*~ (hiding).
 36877 | D:12     | 36877 ||| Stepping ~*~*~tactically~*~*~ (hiding).
 37110 | D:12     | Found a staircase to the Orcish Mines.
 37178 | D:13     | 37178 ||| Stepping ~*~*~tactically~*~*~ (hiding).
 37612 | D:13     | 37612 ||| INVOKING Brothers in Arms.
 37613 | D:13     | 37613 ||| INVOKING Brothers in Arms.
 37614 | D:13     | 37614 ||| SWAPPING to +0 flail.
 37615 | D:13     | 37615 ||| INVOKING Berserk.
 37748 | D:13     | 37748 ||| SWAPPING to +0 broad axe of protection.
 37783 | D:13     | 37783 ||| Stepping ~*~*~tactically~*~*~ (hiding).
 37906 | D:14     | Found Guoschoxu's Book Emporium.
 38129 | D:14     | 38129 ||| Stepping ~*~*~tactically~*~*~ (hiding).
 38147 | D:14     | 38147 ||| Stepping ~*~*~tactically~*~*~ (stealth).
 38451 | D:14     | 38451 ||| Stepping ~*~*~tactically~*~*~ (stealth).
 38453 | D:14     | 38453 ||| Stepping ~*~*~tactically~*~*~ (stealth).
 38454 | D:14     | 38454 ||| Stepping ~*~*~tactically~*~*~ (stealth).
 38457 | D:14     | 38457 ||| Stepping ~*~*~tactically~*~*~ (stealth).
 38462 | D:14     | 38462 ||| Stepping ~*~*~tactically~*~*~ (stealth).
 38469 | D:14     | 38469 ||| Stepping ~*~*~tactically~*~*~ (stealth).
 38481 | D:14     | Reached skill level 15 in Shields
 38551 | D:14     | 38551 ||| FLEEEEING.
 38552 | D:14     | 38552 ||| FLEEEEING.
 38553 | D:14     | 38553 ||| FLEEEEING.
 38554 | D:14     | 38554 ||| FLEEEEING.
 38555 | D:14     | 38555 ||| FLEEEEING.
 38556 | D:14     | 38556 ||| FLEEEEING.
 38557 | D:14     | 38557 ||| FLEEEEING.
 38566 | D:14     | 38566 ||| STAIRDANCE
 38757 | D:14     | 38757 ||| Stepping ~*~*~tactically~*~*~ (hiding).
 38759 | D:14     | 38759 ||| INVOKING Trog's Hand.
 38761 | D:14     | 38761 ||| Stepping ~*~*~tactically~*~*~ (hiding).
 38763 | D:14     | 38763 ||| INVOKING Berserk.
 38788 | D:14     | Reached XP level 15. HP: 62/141 MP: 14/14
 38800 | D:14     | 38800 ||| Stepping ~*~*~tactically~*~*~ (stealth).
 38805 | D:14     | 38805 ||| FLEEEEING.
 39035 | D:14     | 39035 ||| Stepping ~*~*~tactically~*~*~ (hiding).
 39036 | D:14     | 39036 ||| Stepping ~*~*~tactically~*~*~ (hiding).
 39173 | D:14     | Found a gate to the Vaults.
 39281 | D:14     | Found Teuwoa Milo's Magic Scroll Boutique.
 39289 | D:14     | 39289 ||| BUYING scroll of enchant armour (120 gold).
 39289 | D:14     | Bought a scroll of enchant armour for 120 gold pieces
 39289 | D:14     | 39289 ||| BUYING scroll of enchant weapon (120 gold).
 39289 | D:14     | Bought a scroll of enchant weapon for 120 gold pieces
 39289 | D:14     | 39289 ||| BUYING scroll of teleportation (48 gold).
 39289 | D:14     | Bought a scroll of teleportation for 48 gold pieces
 39289 | D:14     | 39289 ||| READING scroll of enchant armour.
 39289 | D:14     | 39289 ||| ENCHANTING +1 pair of gloves.
 39290 | D:14     | 39290 ||| READING scroll of enchant weapon.
 39290 | D:14     | 39290 ||| ENCHANTING +0 broad axe of protection.
 39323 | D:14     | Found Nexuesir's Magic Scroll Shop.
 39331 | D:14     | 39331 ||| BUYING scroll of enchant armour (90 gold).
 39331 | D:14     | Bought a scroll of enchant armour for 90 gold pieces
 39331 | D:14     | 39331 ||| READING scroll of enchant armour.
 39331 | D:14     | 39331 ||| ENCHANTING +0 plate armour.
 39656 | D:15     | 39656 ||| Stepping ~*~*~tactically~*~*~ (hiding).
 39659 | D:15     | 39659 ||| INVOKING Trog's Hand.
 39660 | D:15     | 39660 ||| INVOKING Berserk.
 39671 | D:15     | Identified Roxanne's Directory of Evolution
 39671 | D:15     | Noticed Roxanne
 39679 | D:15     | Noticed Agnes
 39690 | D:15     | Killed Agnes
 39706 | D:15     | 39706 ||| INVOKING Brothers in Arms.
 39709 | D:15     | Killed Roxanne
 39878 | D:15     | 39878 ||| Stepping ~*~*~tactically~*~*~ (hiding).
 39882 | D:15     | 39882 ||| INVOKING Trog's Hand.
 40191 | D:15     | 40191 ||| Stepping ~*~*~tactically~*~*~ (stealth).
 40201 | D:15     | 40201 ||| INVOKING Trog's Hand.
 40202 | D:15     | 40202 ||| INVOKING Berserk.
 40276 | D:15     | 40276 ||| FLEEEEING.
 40279 | D:15     | 40279 ||| FLEEEEING.
 40280 | D:15     | 40280 ||| FLEEEEING.
 40281 | D:15     | 40281 ||| FLEEEEING.
 40282 | D:15     | 40282 ||| FLEEEEING.
 40293 | D:15     | 40293 ||| FLEEEEING.
 40294 | D:15     | 40294 ||| FLEEEEING.
 40295 | D:15     | 40295 ||| FLEEEEING.
 40296 | D:15     | 40296 ||| FLEEEEING.
 40298 | D:15     | 40298 ||| FLEEEEING.
 40299 | D:15     | 40299 ||| STAIRDANCE
 40530 | D:15     | 40530 ||| INVOKING Berserk.
 40537 | D:15     | 40537 ||| STAIRDANCE
 40628 | D:15     | Found a staircase to the Depths.
 40638 | D:15     | 40638 ||| Stepping ~*~*~tactically~*~*~ (stealth).
 40642 | D:15     | 40642 ||| INVOKING Berserk.
 40856 | D:15     | 40856 ||| Stepping ~*~*~tactically~*~*~ (stealth).
 40858 | D:15     | 40858 ||| Stepping ~*~*~tactically~*~*~ (stealth).
 40860 | D:15     | 40860 ||| Stepping ~*~*~tactically~*~*~ (stealth).
 40862 | D:15     | 40862 ||| INVOKING Berserk.
 41109 | D:15     | 41109 ||| PLANNING ORC
 41223 | Orc:1    | Entered Level 1 of the Orcish Mines
 41224 | Orc:1    | 41224 ||| INVOKING Trog's Hand.
 41234 | Orc:1    | 41234 ||| INVOKING Berserk.
 41248 | Orc:1    | 41248 ||| Stepping ~*~*~tactically~*~*~ (stealth).
 41249 | Orc:1    | 41249 ||| Stepping ~*~*~tactically~*~*~ (stealth).
 41250 | Orc:1    | 41250 ||| INVOKING Trog's Hand.
 41399 | Orc:1    | Found Hekher's Antique Weapon Shoppe.
 41399 | Orc:1    | Found Wen Mopa's Armour Shop.
 41408 | Orc:1    | 41408 ||| BUYING crude mace (216 gold).
 41408 | Orc:1    | Bought a crude mace for 216 gold pieces
 41408 | Orc:1    | Identified the +9 mace of the Swamp {flame, Drain rCorr
                  | Str+4} (You bought it in a shop on level 1 of the Orcish
                  | Mines)
 41408 | Orc:1    | 41408 ||| DROPPING +0 flail.
 41594 | Orc:2    | Entered Level 2 of the Orcish Mines
 41607 | Orc:2    | 41607 ||| INVOKING Trog's Hand.
 41611 | Orc:2    | 41611 ||| INVOKING Berserk.
 41631 | Orc:2    | 41631 ||| FLEEEEING.
 41633 | Orc:2    | 41633 ||| STAIRDANCE
 41634 | Orc:1    | Found Byust's Magic Scroll Boutique.
 41644 | Orc:1    | Reached skill level 15 in Armour
 41645 | Orc:1    | HP: 28/146 [orc priest/nerve-wracking pain (12)]
 41646 | Orc:1    | 41646 ||| READING 10 scrolls of teleportation.
 41647 | Orc:1    | 41647 ||| DRINKING 4 potions of heal wounds.
 41648 | Orc:1    | 41648 ||| DRINKING 3 potions of heal wounds.
 41648 | Orc:1    | HP: 11/146 [orc warrior/+0 glaive (5)]
 41649 | Orc:1    | 41649 ||| DRINKING 2 potions of heal wounds.
 42076 | Orc:2    | Found a staircase to the Elven Halls.
 42146 | Orc:2    | 42146 ||| Stepping ~*~*~tactically~*~*~ (hiding).
 42148 | Orc:2    | 42148 ||| Stepping ~*~*~tactically~*~*~ (hiding).
 42179 | Orc:2    | 42179 ||| INVOKING Trog's Hand.
 42182 | Orc:2    | 42182 ||| INVOKING Berserk.
 42474 | Orc:2    | 42474 ||| DRINKING 8 potions of curing.
 42474 | Orc:2    | 42474 ||| (to cure confusion)
 42476 | Orc:2    | 42476 ||| INVOKING Trog's Hand.
 42483 | Orc:2    | 42483 ||| INVOKING Berserk.
 42495 | Orc:2    | Found Fiot's Distillery.
 42498 | Orc:2    | 42498 ||| INVOKING Trog's Hand.
 42590 | Orc:2    | 42590 ||| FLEEEEING.
 42591 | Orc:2    | 42591 ||| FLEEEEING.
 42592 | Orc:2    | 42592 ||| FLEEEEING.
 42593 | Orc:2    | 42593 ||| FLEEEEING.
 42594 | Orc:2    | 42594 ||| FLEEEEING.
 42595 | Orc:2    | 42595 ||| FLEEEEING.
 42596 | Orc:2    | 42596 ||| FLEEEEING.
 42598 | Orc:2    | 42598 ||| FLEEEEING.
 42599 | Orc:2    | 42599 ||| FLEEEEING.
 42600 | Orc:2    | 42600 ||| FLEEEEING.
 42601 | Orc:2    | 42601 ||| FLEEEEING.
 42602 | Orc:2    | 42602 ||| FLEEEEING.
 42603 | Orc:2    | 42603 ||| FLEEEEING.
 42604 | Orc:2    | 42604 ||| FLEEEEING.
 42606 | Orc:2    | 42606 ||| FLEEEEING.
 42607 | Orc:2    | 42607 ||| FLEEEEING.
 42608 | Orc:2    | 42608 ||| FLEEEEING.
 42609 | Orc:2    | 42609 ||| FLEEEEING.
 42610 | Orc:2    | 42610 ||| FLEEEEING.
 42611 | Orc:2    | 42611 ||| STAIRDANCE
 42686 | Orc:2    | 42686 ||| BUYING potion of curing (42 gold).
 42686 | Orc:2    | Bought a potion of curing for 42 gold pieces
 42686 | Orc:2    | 42686 ||| BUYING potion of curing (42 gold).
 42686 | Orc:2    | Bought a potion of curing for 42 gold pieces
 42686 | Orc:2    | 42686 ||| BUYING potion of haste (140 gold).
 42686 | Orc:2    | Bought a potion of haste for 140 gold pieces
 42686 | Orc:2    | 42686 ||| BUYING potion of might (56 gold).
 42686 | Orc:2    | Bought a potion of might for 56 gold pieces
 42686 | Orc:2    | 42686 ||| BUYING potion of mutation (112 gold).
 42686 | Orc:2    | Bought a potion of mutation for 112 gold pieces
 42699 | Orc:2    | Found an ancient bone altar of Kikubaaqudgha.
 42700 | Orc:2    | 42700 ||| Stepping ~*~*~tactically~*~*~ (hiding).
 42704 | Orc:2    | 42704 ||| INVOKING Trog's Hand.
 42705 | Orc:2    | 42705 ||| INVOKING Berserk.
 42711 | Orc:2    | Paralysed by an orc sorcerer for 5 turns
 42726 | Orc:2    | 42726 ||| DRINKING 9 potions of curing.
 42726 | Orc:2    | 42726 ||| (to cure confusion)
 42729 | Orc:2    | 42729 ||| DRINKING 8 potions of curing.
 42729 | Orc:2    | 42729 ||| (to cure confusion)
 42732 | Orc:2    | 42732 ||| Stepping ~*~*~tactically~*~*~ (stealth).
 42734 | Orc:2    | 42734 ||| INVOKING Trog's Hand.
 42746 | Orc:2    | 42746 ||| FLEEEEING.
 42766 | Orc:2    | Found Suxarghu's Magic Scroll Emporium.
 42768 | Orc:2    | 42768 ||| INVOKING Trog's Hand.
 42771 | Orc:2    | 42771 ||| INVOKING Berserk.
 42776 | Orc:2    | Noticed Erolcha
 42778 | Orc:2    | 42778 ||| Stepping ~*~*~tactically~*~*~ (hiding).
 42779 | Orc:2    | 42779 ||| Stepping ~*~*~tactically~*~*~ (hiding).
 42785 | Orc:2    | Killed Erolcha
 42799 | Orc:2    | 42799 ||| Stepping ~*~*~tactically~*~*~ (stealth).
 42810 | Orc:2    | 42810 ||| FLEEEEING.
 42833 | Orc:2    | 42833 ||| BUYING scroll of enchant weapon (105 gold).
 42833 | Orc:2    | Bought a scroll of enchant weapon for 105 gold pieces
 42833 | Orc:2    | 42833 ||| BUYING scroll of teleportation (42 gold).
 42833 | Orc:2    | Bought a scroll of teleportation for 42 gold pieces
 42833 | Orc:2    | 42833 ||| BUYING scroll of teleportation (42 gold).
 42833 | Orc:2    | Bought a scroll of teleportation for 42 gold pieces
 42833 | Orc:2    | 42833 ||| BUYING scroll of teleportation (42 gold).
 42833 | Orc:2    | Bought a scroll of teleportation for 42 gold pieces
 42833 | Orc:2    | 42833 ||| READING scroll of enchant weapon.
 42833 | Orc:2    | 42833 ||| ENCHANTING +1 broad axe of protection.
 42836 | Orc:2    | Found a radiant altar of Vehumet.
 42884 | Orc:2    | 42884 ||| Stepping ~*~*~tactically~*~*~ (hiding).
 42897 | Orc:2    | 42897 ||| DRINKING 7 potions of curing.
 42897 | Orc:2    | 42897 ||| (to cure confusion)
 42898 | Orc:2    | Found Cereh's Book Shoppe.
 42907 | Orc:2    | 42907 ||| DRINKING 6 potions of curing.
 42907 | Orc:2    | 42907 ||| (to cure confusion)
 42910 | Orc:2    | Found Vaits's Antique Weapon Shoppe.
 42929 | Orc:2    | 42929 ||| BUYING runed morningstar (161 gold).
 42929 | Orc:2    | Bought a runed morningstar for 161 gold pieces
 42929 | Orc:2    | 42929 ||| DROPPING +9 mace of the Swamp {flame, Drain rCorr
                  | Str+4}.
 42930 | Orc:2    | 42930 ||| DROPPING +0 flail of protection.
 43053 | Orc:2    | 43053 ||| PLANNING SHOALS:1-3
 43197 | Shoals:1 | Entered Level 1 of the Shoals
 43375 | Shoals:1 | Found Plog's Jewellery Boutique.
 43380 | Shoals:1 | 43380 ||| BUYING amulet of reflection (510 gold).
 43380 | Shoals:1 | Bought an amulet of reflection for 510 gold pieces
 43680 | Shoals:1 | 43680 ||| Stepping ~*~*~tactically~*~*~ (hiding).
 43768 | Shoals:1 | 43768 ||| Stepping ~*~*~tactically~*~*~ (water).
 43994 | Shoals:1 | 43994 ||| Stepping ~*~*~tactically~*~*~ (hiding).
 44256 | Shoals:1 | Found a runed translucent gate.
 44256 | Shoals:1 | Found a runed translucent gate.
 44258 | Shoals:1 | Found a runed translucent gate.
 44258 | Shoals:1 | Noticed Zipteul's ghost (adept NaBe)
 44262 | Shoals:1 | 44262 ||| Stepping ~*~*~tactically~*~*~ (water).
 44468 | Shoals:1 | 44468 ||| DROPPING amulet of regeneration.
 44469 | Shoals:1 | 44469 ||| DROPPING +4 ring of evasion.
 44529 | Shoals:2 | 44529 ||| FLEEEEING.
 44530 | Shoals:2 | 44530 ||| FLEEEEING.
 44531 | Shoals:2 | 44531 ||| FLEEEEING.
 44532 | Shoals:2 | 44532 ||| FLEEEEING.
 44533 | Shoals:2 | 44533 ||| FLEEEEING.
 44534 | Shoals:2 | 44534 ||| FLEEEEING.
 44535 | Shoals:2 | 44535 ||| FLEEEEING.
 44536 | Shoals:2 | 44536 ||| STAIRDANCE
 44698 | Shoals:1 | 44698 ||| UPGRADING to +1 plate armour of cold resistance.
 44708 | Shoals:1 | 44708 ||| DROPPING +1 plate armour.
 44709 | Shoals:1 | 44709 ||| UPGRADING to amulet of reflection.
 44719 | Shoals:1 | 44719 ||| DROPPING amulet "Hyilebriopo" {RegenMP rC+
                  | Int+2}.
 44780 | Shoals:2 | 44780 ||| Stepping ~*~*~tactically~*~*~ (hiding).
 44781 | Shoals:2 | 44781 ||| Stepping ~*~*~tactically~*~*~ (hiding).
 44791 | Shoals:2 | Noticed Aizul
 44792 | Shoals:2 | 44792 ||| INVOKING Trog's Hand.
 44793 | Shoals:2 | 44793 ||| INVOKING Brothers in Arms.
 44794 | Shoals:2 | 44794 ||| INVOKING Brothers in Arms.
 44795 | Shoals:2 | 44795 ||| INVOKING Brothers in Arms.
 44796 | Shoals:2 | 44796 ||| INVOKING Berserk.
 44803 | Shoals:2 | Killed Aizul
 44804 | Shoals:2 | Reached skill level 18 in Fighting
 44942 | Shoals:2 | Noticed Ilsuiw
 44942 | Shoals:2 | Noticed Polyphemus
 44944 | Shoals:2 | 44944 ||| Stepping ~*~*~tactically~*~*~ (cloud).
 44947 | Shoals:2 | 44947 ||| Stepping ~*~*~tactically~*~*~ (water).
 44950 | Shoals:2 | 44950 ||| Stepping ~*~*~tactically~*~*~ (cloud).
 44953 | Shoals:2 | 44953 ||| Stepping ~*~*~tactically~*~*~ (cloud).
 44956 | Shoals:2 | 44956 ||| Stepping ~*~*~tactically~*~*~ (cloud).
 44957 | Shoals:2 | 44957 ||| Stepping ~*~*~tactically~*~*~ (cloud).
 44958 | Shoals:2 | 44958 ||| Stepping ~*~*~tactically~*~*~ (water).
 44958 | Shoals:2 | HP: 30/149 [catoblepas[Polyphemus] (9)]
 44959 | Shoals:2 | 44959 ||| READING 12 scrolls of teleportation.
 44960 | Shoals:2 | 44960 ||| DRINKING 2 potions of heal wounds.
 44961 | Shoals:2 | 44961 ||| INVOKING Berserk.
 44963 | Shoals:2 | HP: 34/223 [poisoned by a merfolk impaler]
 44964 | Shoals:2 | Reached XP level 16. HP: 36/157 MP: 15/15
 44969 | Shoals:2 | HP: 27/235 [poisoned by a merfolk impaler]
 44970 | Shoals:2 | HP: 11/235 [merfolk impaler/+3 trident of
                  | protection[Ilsuiw] (12)]
 44975 | Shoals:2 | Killed Ilsuiw
 44980 | Shoals:2 | HP: 7/235 [merfolk siren/+0 spear[Ilsuiw] (5)]
 44981 | Shoals:2 | Slain by a merfolk impaler

Levels and vault maps discovered:
D:1:      dpeg_arrival_arbitrary_a, layout_loops_cross,
          ebering_ecumenical_altar_abandoned
D:2:      layout_rooms, serial_shops, nicolae_shop_statue_plus,
          dk_noncrumbling_2, kennysheep_minor_cross
D:3:      layout_rooms, chequers_serial_rivers_large_a, serial_bayou_pond_d,
          uniq_natasha, uniq_sigmund, uniq_crazy_yiuf_cottage
D:4:      layout_loops_cross, worldfamousw_hep_ancestral_shrine,
          nicolae_ossuary_entry_catacombs, nrook_campfire,
          minmay_gold_behind_fungi, uniq_menkaure, uniq_ijyb
D:5:      layout_rooms, mainiacjoe_overflow_tiny_flanked,
          nicolae_overflow_two_pavilions, temple_hall, minivault_5,
          uniq_blork_the_orc
D:6:      layout_basic, overflow_temple_1_default, ashenzari_conservatory_becter
D:7:      layout_cave_pods, okawaru_ov_weapons_minmay, lemuel_crystal_altar,
          dk_yredelemnul_ordeal, mainiacjoe_overflow_small_starburst
D:8:      layout_loops_ring, corexii_checkpoint_a, hangedman_decor_peaks_small,
          uniq_joseph, uniq_maggie
D:9:      minmay_tri_box, layout_loops_corners, lemuel_coloured_pillars_altar,
          centaur_isle
D:10:     layout_cave_pods, nicolae_qazlal_scattered_showers,
          lemuel_doored_altar, elyvilon_altar_5, uniq_snorg
D:11:     layout_loops_ring, lair_entry_dummy, serial_shops,
          nicolae_shop_waterfront
D:12:     layout_rooms, david_orc_4, uniq_fannar, uniq_jorgrun
D:13:     layout_roguey
D:14:     layout_layer_cave, hangedman_vaults_entry_quadrant_bands,
          serial_shops, nicolae_square_shop, shop, shop
D:15:     grunt_enter_depths_giant_problem, layout_loops_cross,
          nicolae_ru_awakened_eye, st_stairs_3, uniq_agnes, uniq_roxanne,
          uniq_rupert
Lair:1:   layout_concentric_octagons
Lair:2:   layout_hall_layers, elwin_shoals_entry_stream
Lair:3:   layout_small_grid, spider_nest_entry_rubble, lemuel_oklob_altar
Lair:4:   layout_cellular_growth, nicolae_volcano_entry_s_turn,
          grunt_megastairs_5
Lair:5:   minmay_lair_end_enchanted_forest, layout_cave_pods, slime_entry_1,
          minmay_shattered_shrine
Shoals:1: layout_shoals, serial_shops, nicolae_shop_hallway_plus,
          gammafunk_ghost_tricky_traps
Shoals:2: layout_shoals, uniq_aizul, uniq_polyphemus, uniq_ilsuiw
Orc:1:    layout_caves, serial_shops, shop, nicolae_shop_waterfront,
          nicolae_shop_competitors_out_of_business
Orc:2:    kennysheep_orc_mage_school, layout_caves, rock_pile

Skill      XL: |  1  2  3  4  5  6  7  8  9 10 11 12 13 14 15 |
---------------+----------------------------------------------+-----
Axes           | 4 5 6 8 9 10 12 13 14 16 18 | 18.0
Fighting       | 4 5 6 8 9 11 13 15 18 | 18.0
Shields        | 3 4 5 10 12 13 15 16 | 16.0
Armour         | 4 6 8 9 12 14 15 | 15.1
Dodging        | 3 4 5 7 8 |  8.6
Throwing       | 3 4 5 |  5.1

Action                   |  1- 3 |  4- 6 |  7- 9 | 10-12 | 13-15 | 16-18 || total
-------------------------+-------+-------+-------+-------+-------+-------++-------
Melee: Hand axe          |    95 |    37 |   233 |       |       |       ||   365
       Headbutt          |    12 |     5 |    49 |    68 |   209 |     6 ||   349
       Punch             |     1 |       |       |       |       |       ||     1
       Broad axe         |       |       |    35 |   327 |   853 |    15 ||  1230
       Morningstar       |       |       |       |       |    21 |       ||    21
       Flail             |       |       |       |       |    11 |       ||    11
       Whip              |       |       |       |       |     4 |       ||     4
Throw: Boomerang         |       |    13 |    31 |       |   111 |       ||   155
       Javelin           |       |       |       |    43 |    36 |       ||    79
Invok: Berserk           |       |     5 |    14 |    17 |    35 |       ||    71
       Brothers in Arms  |       |       |       |       |     6 |       ||     6
       Trog's Hand       |       |       |       |       |    15 |       ||    15
  Use: Scroll            |     8 |     2 |    12 |     6 |    12 |       ||    40
       Potion            |       |     2 |     5 |     2 |    10 |       ||    19
 Stab: Petrified         |       |       |       |       |     6 |       ||     6
       Petrifying        |       |       |       |       |     1 |       ||     1
Armor: Animal skin       |    19 |       |       |       |       |       ||    19
       Ring mail         |     5 |     8 |    23 |       |       |       ||    36
       Leather armour    |     3 |       |       |       |       |       ||     3
       Plate armour      |       |       |    38 |  1126 |   490 |     6 ||  1660
       Scale mail        |       |       |    10 |       |       |       ||    10
Dodge: Dodged            |    53 |    12 |    42 |   562 |   272 |     8 ||   949
Block: Buckler           |       |       |    41 |    12 |       |       ||    53
       Kite shield       |       |       |       |  1247 |   564 |    15 ||  1826
       Reflection        |       |       |       |       |     3 |       ||     3

Table legend:
 A = Non-vault XP
 B = Vault XP
 C = Vault XP percentage of total XP
 D = Non-vault monster count
 E = Vault monster count
 F = Vault count percentage of total count
                 A         B        C        D         E       F
            +---------+---------+-------+---------+---------+-------
      Total |  104471 |   52603 |  33.5 |     516 |     196 |  27.5
            +---------+---------+-------+---------+---------+-------
        D:1 |      46 |       0 |   0.0 |      27 |       0 |   0.0
        D:2 |      32 |       0 |   0.0 |      12 |       0 |   0.0
        D:3 |     154 |     245 |  61.4 |      20 |       2 |   9.1
        D:4 |     260 |     585 |  69.2 |      14 |      13 |  48.1
        D:5 |    1124 |     102 |   8.3 |      31 |       1 |   3.1
        D:6 |    1049 |       0 |   0.0 |      22 |       0 |   0.0
        D:7 |    1258 |       0 |   0.0 |      16 |       0 |   0.0
        D:8 |    1628 |     818 |  33.4 |      24 |       2 |   7.7
        D:9 |    1966 |    4575 |  69.9 |       8 |       7 |  46.7
       D:10 |    2049 |     947 |  31.6 |      20 |       1 |   4.8
       D:11 |    4820 |       0 |   0.0 |      15 |       0 |   0.0
       D:12 |    6493 |    3726 |  36.5 |      26 |      22 |  45.8
       D:13 |    6426 |       0 |   0.0 |      17 |       0 |   0.0
       D:14 |    6105 |    6745 |  52.5 |      14 |      17 |  54.8
       D:15 |   14974 |    6443 |  30.1 |      38 |       6 |  13.6
     Lair:1 |    9069 |       0 |   0.0 |      39 |       0 |   0.0
     Lair:2 |    6400 |    1465 |  18.6 |      28 |       4 |  12.5
     Lair:3 |    5249 |    1085 |  17.1 |      22 |       2 |   8.3
     Lair:4 |   10739 |     951 |   8.1 |      24 |       4 |  14.3
     Lair:5 |    3819 |   11577 |  75.2 |      16 |      57 |  78.1
   Shoals:1 |    8021 |       0 |   0.0 |      20 |       0 |   0.0
   Shoals:2 |    2887 |    5020 |  63.5 |       6 |       5 |  45.5
      Orc:1 |    3197 |       0 |   0.0 |      25 |       0 |   0.0
      Orc:2 |    6706 |    8166 |  54.9 |      32 |      37 |  53.6
    Ossuary |       0 |     153 | 100.0 |       0 |      16 | 100.0
            +---------+---------+-------+---------+---------+-------
